Workbook

Sheet CUPS $
A1: Producto | B1: Tarifa | C1: Fecha de Inicio | D1: Fecha Final
A2: [10B004] INTERNACION EN SERVICIO COMPLEJIDAD BAJA; HABITACION DE CUATRO CAMAS | B2: SOAT PLENO | C2: 45658 | D2: 46022
A3: [129B01] INTERNACIÓN ADULTOS COMPLEJIDAD BAJA HABITACIÓN INDIVIDUAL | B3: SOAT PLENO | C3: 45658 | D3: 46022
A4: [129B02] INTERNACIÓN ADULTOS COMPLEJIDAD BAJA HABITACION MÚLTIPLE | B4: SOAT PLENO | C4: 45658 | D4: 46022
A5: [130B02] INTERNACIÓN PEDIÁTRICA COMPLEJIDAD BAJA HABITACION MÚLTIPLE | B5: SOAT PLENO | C5: 45658 | D5: 46022
A6: [230101] EXODONCIA DE DIENTE PERMANENTE UNIRRADICULAR | B6: SOAT PLENO | C6: 45658 | D6: 46022
A7: [230102] EXODONCIA DE DIENTE PERMANENTE MULTIRRADICULAR | B7: SOAT PLENO | C7: 45658 | D7: 46022
A8: [230201] EXODONCIA DE DIENTE TEMPORAL UNIRRADICULAR | B8: SOAT PLENO | C8: 45658 | D8: 46022
A9: [232101] OBTURACIÓN DENTAL CON AMALGAMA | B9: SOAT PLENO | C9: 45658 | D9: 46022
A10: [232102] OBTURACIÓN DENTAL CON RESINA DE FOTOCURADO | B10: SOAT PLENO | C10: 45658 | D10: 46022
A11: [232401] RECONSTRUCCION DE ANGULO INCISAL; CON RESINA DE FOTOCURADO | B11: SOAT PLENO | C11: 45658 | D11: 46022
A12: [232402] RECONSTRUCCION TERCIO INCISAL; CON RESINA DE FOTOCURADO | B12: SOAT PLENO | C12: 45658 | D12: 46022
A13: [237301] TERAPIA DE CONDUCTO RADICULAR EN DIENTE UNIRRADICULAR | B13: SOAT PLENO | C13: 45658 | D13: 46022
... A156: [S11103] INTERNACION EN SERVICIO COMPLEJIDAD BAJA; HABITACION TRES CAMAS | B156: SOAT PLENO | C156: 45658 | D156: 46022

Sheet Hoja3

Sheet Hoja1 (2)
A1: No. | B1: TIPO TARIFA | C1: CÓDIGO CUPS | D1: DESCRIPCIÓN PROCEDIMIENTOS CUPS | E1: CÓDIGO SOAT Y/O PROPIO | F1: DESCRIPCIÓN HOMÓLOGO SOAT | G1: REPS | H1: GRUPO Qx / PORCENTAJE | I1: TARIFA 2025 | J1: OBSERVACIÓN | K1: TARIFA 2024 | L1: DIFERENCIA EN PESOS | M1: DIFERENCIA EN PORCENTAJE
A2: 1 | B2: Soat | C2: 10101 | D2: PUNCIÓN CISTERNAL, VÍA LATERAL | E2: 1250 | F2: Punción cisternal | G2: 245 | H2: 4 | I2: 672000 | K2: 637000 | L2: 35000 | M2: 0.054945055
A3: 2 | B3: Soat | C3: 10102 | D3: PUNCIÓN CISTERNAL, VÍA MEDIAL | E3: 1250 | F3: Punción cisternal | G3: 245 | H3: 4 | I3: 672000 | K3: 637000 | L3: 35000 | M3: 0.054945055
A4: 3 | B4: Soat | C4: 10201 | D4: PUNCIÓN (ASPIRACIÓN DE LÍQUIDO) VENTRICULAR A TRAVÉS DE CATÉTER PREVIAMENTE IMPLANTADO | E4: 1251 | F4: Punción ventricular | G4: 245 | H4: 5 | I4: 850800 | K4: 806500 | L4: 44300 | M4: 0.054928704
A5: 4 | B5: Soat | C5: 10202 | D5: PUNCIÓN (ASPIRACIÓN DE LÍQUIDO) VENTRICULAR POR TREPANACIÓN (SIN CATÉTER) | E5: 1251 | F5: Punción ventricular | G5: 245 | H5: 5 | I5: 850800 | K5: 806500 | L5: 44300 | M5: 0.054928704
A6: 5 | B6: Soat | C6: 10203 | D6: PUNCIÓN (ASPIRACIÓN DE LÍQUIDO) VENTRICULAR A TRAVÉS DE UN RESERVORIO | E6: 1251 | F6: Punción ventricular | G6: 245 | H6: 5 | I6: 850800 | K6: 806500 | L6: 44300 | M6: 0.054928704
A7: 6 | B7: Soat | C7: 10204 | D7: PUNCIÓN (ASPIRACIÓN DE LÍQUIDO) VENTRICULAR, VÍA TRANSFONTANELAR | E7: 1251 | F7: Punción ventricular | G7: 245 | H7: 5 | I7: 850800 | K7: 806500 | L7: 44300 | M7: 0.054928704
A8: 7 | B8: Soat | C8: 10205 | D8: PUNCIÓN (ASPIRACIÓN DE LÍQUIDO) VENTRICULAR | E8: 1251 | F8: Punción ventricular | G8: 245 | H8: 5 | I8: 850800 | K8: 806500 | L8: 44300 | M8: 0.054928704
A9: 8 | B9: Soat | C9: 10901 | D9: PUNCIÓN SUBDURAL | E9: 1252 | F9: Punción subdural | G9: 245 | H9: 4 | I9: 672000 | K9: 637000 | L9: 35000 | M9: 0.054945055
A10: 9 | B10: Soat | C10: 10902 | D10: OTRA PUNCIÓN CRANEAL | E10: 1251 | F10: Punción ventricular | G10: 245 | H10: 5 | I10: 850800 | K10: 806500 | L10: 44300 | M10: 0.054928704
A11: 10 | B11: Soat | C11: 11101 | D11: BIOPSIA ÓSEA EN CRÁNEO POR CRANEOTOMÍA | E11: 17100 | F11: Tejido intracraneal | G11: 245 | H11: 10 | I11: 2536400 | K11: 2404500 | L11: 131900 | M11: 0.054855479
A12: 11 | B12: Soat | C12: 11102 | D12: BIOPSIA ÓSEA EN CRÁNEO POR CRANIECTOMÍA | E12: 17100 | F12: Tejido intracraneal | G12: 245 | H12: 10 | I12: 2536400 | K12: 2404500 | L12: 131900 | M12: 0.054855479
A13: 12 | B13: Soat | C13: 11103 | D13: BIOPSIA DE CRÁNEO | E13: 17802 | F13: Hueso | G13: 245 | H13: 4 | I13: 672000 | K13: 637000 | L13: 35000 | M13: 0.054945055
... A183: 182 | B183: Soat | C183: 32401 | D183: MIELOTOMÍA POR ABLACIÓN VÍA ABIERTA | E183: 1321 | F183: Laminectomía para mielotomía, tipo Bischof, dorsal o lumbar | G183: 245 | H183: 22 | I183: 3984600 | K183: 3777300 | L183: 207300 | M183: 0.05488047
A184: 183 | B184: Soat | C184: 33101 | D184: PUNCIÓN LUMBAR (DIAGNÓSTICA O TERAPÉUTICA) ÚNICAMENTE INTRAHOSPITALARIA | E184: 26104 | F184: Punción lumbar | G184: 332 | H184: 6.929 | I184: 64000 | J184: UNICAMENTE MANEJO INTRAHOSPITALARIO | K184: 60600 | L184: 3400 | M184: 0.056105611
A185: 184 | B185: Soat | C185: 33201 | D185: BIOPSIA DE TUMOR INTRADURALES (INTRAMEDULARES Y EXTRAMEDULARES) CERVICALES, DORSALES, LUMBOSACROS O COCCÍGEOS | E185: 17102 | F185: Médula espinal | G185: 245 | H185: 9 | I185: 1901000 | K185: 1802100 | L185: 98900 | M185: 0.054880417
A186: 185 | B186: Soat | C186: 33203 | D186: BIOPSIA DE MÉDULA ESPINAL O MENINGES ESPINALES | E186: 17102 | F186: Médula espinal | G186: 245 | H186: 9 | I186: 1901000 | K186: 1802100 | L186: 98900 | M186: 0.054880417
A187: 186 | B187: Propia con grupo | C187: 34324 | D187: RESECCIÓN DE TUMOR O LESIÓN INTRARAQUÍDEO INTRADURAL LUMBAR HASTA DOS SEGMENTOS VÍA ABIERTA | E187: 34324 | F187: RESECCIÓN DE TUMOR O LESIÓN INTRARAQUÍDEO INTRADURAL LUMBAR HASTA DOS SEGMENTOS VÍA ABIERTA | G187: 245 | H187: 11 | I187: 2724400 | K187: 2582600 | L187: 141800 | M187: 0.054905909
A188: 187 | B188: Soat | C188: 34424 | D188: RESECCION DE TUMOR O LESION MULTIRRADICULAR SACRO VIA ABIERTA | E188: 1144 | F188: Extirpación de lesión y/o tejido de las meninges cerebrales | G188: 245 | H188: 20 | I188: 2857700 | K188: 2709000 | L188: 148700 | M188: 0.054891104
A189: 188 | B189: Soat | C189: 35103 | D189: CORRECCION DE MALFORMACION DE MEDULA ESPINAL, CON DESCOMPRESION VIA ANTERIOR | E189: 1334 | F189: Resección de meningomieloradiculocele | G189: 245 | H189: 22 | I189: 3984600 | K189: 3777300 | L189: 207300 | M189: 0.05488047
A190: 189 | B190: Soat | C190: 35104 | D190: CORRECCIÓN DE MALFORMACIÓN DE MÉDULA ESPINAL, CON FUSIÓN ÓSEA E INJERTO AUTÓLOGO O HETERÓLOGO | E190: 1335 | F190: Tratamiento de diastematomielia | G190: 245 | H190: 22 | I190: 3984600 | K190: 3777300 | L190: 207300 | M190: 0.05488047
A191: 190 | B191: Soat | C191: 35201 | D191: CORRECCIÓN DE ANOMALÍA DE MÉDULA ESPINAL EN UNIÓN CRANEOCERVICAL POR CRANIECTOMÍA SUBOCCIPITAL CON LAMINECTOMÍA Y DUROPLASTIA | E191: 1147 | F191: Tratamiento de platibasia (Síndrome de Arnold Chiari) | G191: 245 | H191: 22 | I191: 3984600 | K191: 3777300 | L191: 207300 | M191: 0.05488047
A192: 191 | B192: Soat | C192: 35202 | D192: CORRECCIÓN DE MÉDULA ESPINAL EN UNIÓN CRANEOCERVICAL POR CRANIECTOMÍA SUBOCCIPITAL CON LAMINECTOMÍA C1-C2 Y DUROPLASTIA | E192: 1147 | F192: Tratamiento de platibasia (Síndrome de Arnold Chiari) | G192: 245 | H192: 22 | I192: 3984600 | K192: 3777300 | L192: 207300 | M192: 0.05488047
A193: 192 | B193: Soat | C193: 35401 | D193: PLASTIA O INJERTO DE MENINGE ESPINAL | E193: 1352 | F193: Injerto dural | G193: 245 | H193: 20 | I193: 2857700 | K193: 2709000 | L193: 148700 | M193: 0.054891104
A194: 193 | B194: Soat | C194: 35402 | D194: ESQUIRLECTOMÍA CON PLASTIA O INJERTO DE MENINGE ESPINAL | E194: 1144 | F194: Extirpación de lesión y/o tejido de las meninges cerebrales | G194: 245 | H194: 20 | I194: 2857700 | K194: 2709000 | L194: 148700 | M194: 0.054891104
A195: 194 | B195: Soat | C195: 35501 | D195: REPARACIÓN DE FÍSTULA ESPINAL DE LÍQUIDO CEFALORRAQUÍDEO (DUROPLASTIA ESPINAL) | E195: 1351 | F195: Reparación fístula líquido cefalorraquídeo | G195: 245 | H195: 20 | I195: 2857700 | K195: 2709000 | L195: 148700 | M195: 0.054891104
A196: 195 | B196: Soat | C196: 36101 | D196: LISIS O RESECCIÓN DE ADHERENCIAS EXTRADURALES EN MÉDULA ESPINAL O RAÍCES DE NERVIOS ESPINALES VÍA ABIERTA | E196: 1387 | F196: Microcirugía de raíces, médula y nervios, por aracnoiditis | G196: 245 | H196: 22 | I196: 3984600 | K196: 3777300 | L196: 207300 | M196: 0.05488047
... A245: 244 | B245: Soat | C245: 44210 | D245: DESCOMPRESIÓN DE NERVIO FACIAL INTRATEMPORAL VÍA FOSA MEDIA | E245: 1404 | F245: Descompresión de nervio facial en peñasco y fosa media | G245: 245 | H245: 23 | I245: 5689800 | K245: 5393800 | L245: 296000 | M245: 0.054877823
A246: 245 | B246: soat | C246: 44211 | D246: DESCOMPRESION DE NERVIO OPTICO VIA ORBITARIA | E246: 1103 | F246: Craneotomía para extracción secuestro | G246: 209 | H246: 8 | I246: 1664600
A247: 246 | B247: Soat | C247: 44301 | D247: DESCOMPRESIÓN DE NERVIO EN TÚNEL DEL CARPO VÍA ENDOSCÓPICA | E247: 18223 | F247: Liberación del tunel carpiano | G247: 245 | H247: 7 | I247: 1514600 | K247: 1435700 | L247: 78900 | M247: 0.054955771
A248: 247 | B248: Soat | C248: 44303 | D248: DESCOMPRESIÓN DE NERVIO EN TÚNEL DEL CARPO VÍA ABIERTA | E248: 18223 | F248: Liberación del tunel carpiano | G248: 245 | H248: 7 | I248: 1514600 | K248: 1435700 | L248: 78900 | M248: 0.054955771
A249: 248 | B249: Soat | C249: 44304 | D249: DESCOMPRESION DE NERVIO EN TUNEL DEL CARPO CON NEUROLISIS VIA ABIERTA | E249: 13841 | F249: Descompresión nervio antebrazo; incluye en túnel carpiano | G249: 207 | H249: 7 | I249: 1514600 | K249: 1435700 | L249: 78900 | M249: 0.054955771
A250: 249 | B250: Soat | C250: 44401 | D250: DESCOMPRESION DE NERVIO EN TUNEL DEL TARSO VIA ABIERTA | E250: 13843 | F250: Descompresión nervio pie; incluye túnel tarsiano | G250: 207 | H250: 6 | I250: 1172500 | K250: 1111500 | L250: 61000 | M250: 0.054880792
A251: 250 | B251: Soat | C251: 44512 | D251: DESCOMPRESION DE NERVIO EN BRAZO VIA ABIERTA | E251: 13840 | F251: Descompresión nervio brazo | G251: 207 | H251: 7 | I251: 1514600 | K251: 1435700 | L251: 78900 | M251: 0.054955771
A252: 251 | B252: Soat | C252: 44514 | D252: DESCOMPRESIÓN DE NERVIO EN CODO VÍA ABIERTA | E252: 13840 | F252: Descompresión nervio brazo | G252: 207 | H252: 7 | I252: 1514600 | K252: 1435700 | L252: 78900 | M252: 0.054955771
A253: 252 | B253: Soat | C253: 44516 | D253: DESCOMPRESION DE NERVIO EN ANTEBRAZO VIA ABIERTA | E253: 13841 | F253: Descompresión nervio antebrazo; incluye en túnel carpiano | G253: 207 | H253: 7 | I253: 1514600 | K253: 1435700 | L253: 78900 | M253: 0.054955771
A254: 253 | B254: Soat | C254: 44518 | D254: DESCOMPRESION DE NERVIO EN MANO VIA ABIERTA | E254: 14400 | F254: Descompresión nervio mano | G254: 231 | H254: 7 | I254: 1514600 | K254: 1435700 | L254: 78900 | M254: 0.054955771
A255: 254 | B255: Soat | C255: 44519 | D255: DESCOMPRESION DE NERVIO EN DEDO DE LA MANO VIA ABIERTA | E255: 14401 | F255: Descompresión nervio dedos (uno a dos) | G255: 231 | H255: 6 | I255: 1172500 | K255: 1111500 | L255: 61000 | M255: 0.054880792
A256: 255 | B256: Soat | C256: 44522 | D256: DESCOMPRESIÓN DE NERVIO EN HUECO POPLÍTEO VÍA ABIERTA | E256: 13842 | F256: Descompresión nervio muslo o pierna; incluye tratamiento quirúrgico meralgia parestésica | G256: 207 | H256: 7 | I256: 1514600 | K256: 1435700 | L256: 78900 | M256: 0.054955771
A257: 256 | B257: Soat | C257: 45102 | D257: INJERTO DE NERVIO PERIFERICO | E257: 13864 | F257: Neurorrafia de un nervio en brazo con injerto | G257: 213 | H257: 12 | I257: 2913000 | K257: 2761400 | L257: 151600 | M257: 0.054899689
A258: 257 | B258: Soat | C258: 45103 | D258: INJERTO DE NERVIO PERIFÉRICO A NERVIO FACIAL IPSILATERAL | E258: 1612 | F258: Reconstrucción de plejo con injerto de nervio | G258: 245 | H258: 22 | I258: 3984600 | K258: 3261400 | L258: 723200 | M258: 0.22174526
... A265: 264 | B265: Soat | C265: 51100 | D265: BIOPSIA DE NERVIO O GANGLIO SIMPATICO SOD | E265: 1503 | F265: Bloqueos simpáticos por regiones | G265: 745 | H265: 12 | I265: 2913000 | K265: 1435700 | L265: 1477300 | M265: 1.0289754
A266: 265 | B266: Soat | C266: 52001 | D266: SIMPATECTOMÍA TORÁCICA POR TORACOSCOPIA | E266: 1501 | F266: Simpatectomía o gangliectomía simpática, incluye cervical torácica, lumbar | G266: 234 | H266: 12 | I266: 2913000 | J266: UNICAMENTE MANEJO INTRAHOSPITALARIO | K266: 2761400 | L266: 151600 | M266: 0.054899689
A267: 266 | B267: Soat | C267: 52101 | D267: GANGLIONECTOMÍA ESFENOPALATINA | E267: 1502 | F267: Gangliectomía esfenopalatina | G267: 209 | H267: 20 | I267: 2857700 | K267: 2709000 | L267: 148700 | M267: 0.054891104
A268: 267 | B268: Soat | C268: 52401 | D268: SIMPATECTOMIA PRESACRA POR LAPAROTOMIA | E268: 1501 | F268: Simpatectomía o gangliectomía simpática, incluye cervical torácica, lumbar | G268: 245 | H268: 12 | I268: 2913000 | K268: 2761400 | L268: 151600 | M268: 0.054899689
A269: 268 | B269: Soat | C269: 52500 | D269: SIMPATECTOMIA PERIARTERIAL SOD | E269: 1501 | F269: Simpatectomía o gangliectomía simpática, incluye cervical torácica, lumbar | G269: 214 | H269: 12 | I269: 2913000 | K269: 2761400 | L269: 151600 | M269: 0.054899689
A270: 269 | B270: Soat | C270: 52601 | D270: RESECCIÓN DE TUMOR EN NERVIO O GANGLIO SIMPÁTICO | E270: 1501 | F270: Simpatectomía o gangliectomía simpática, incluye cervical torácica, lumbar | G270: 245 | H270: 12 | I270: 2913000 | K270: 2761400 | L270: 151600 | M270: 0.054899689
A271: 270 | B271: Soat | C271: 53105 | D271: BLOQUEO DE UNION MIONEURAL | E271: 26111 | F271: Bloqueo unión mononeural | G271: 332 | H271: 13.67 | I271: 126300 | K271: 119800 | L271: 6500 | M271: 0.054257095
A272: 271 | B272: Soat | C272: 53114 | D272: BLOQUEO SIMPÁTICO REGIONAL (CERVICAL, TORÁCICO O LUMBAR) | E272: 1503 | F272: Bloqueos simpáticos por regiones | G272: 245 | H272: 12 | I272: 2913000 | K272: 2761400 | L272: 151600 | M272: 0.054899689
A273: 272 | B273: Soat | C273: 53115 | D273: BLOQUEO DEL SIMPÁTICO PRESACRO (GANGLIO IMPAR DE WALTER) | E273: 1503 | F273: Bloqueos simpáticos por regiones | G273: 245 | H273: 12 | I273: 2913000 | K273: 2761400 | L273: 151600 | M273: 0.054899689
A274: 273 | B274: Soat | C274: 53201 | D274: NEURÓLISIS DE PLEJO BRAQUIAL | E274: 1503 | F274: Bloqueos simpáticos por regiones | G274: 245 | H274: 12 | I274: 2913000 | K274: 2761400 | L274: 151600 | M274: 0.054899689
A275: 274 | B275: Soat | C275: 53202 | D275: NEURÓLISIS DE PLEJO LUMBAR | E275: 1503 | F275: Bloqueos simpáticos por regiones | G275: 245 | H275: 12 | I275: 2913000 | K275: 2761400 | L275: 151600 | M275: 0.054899689
A276: 275 | B276: Soat | C276: 53203 | D276: NEURÓLISIS DE PLEJO CERVICAL (SUPERFICIAL O PROFUNDO) | E276: 1503 | F276: Bloqueos simpáticos por regiones | G276: 245 | H276: 12 | I276: 2913000 | K276: 2761400 | L276: 151600 | M276: 0.054899689
A277: 276 | B277: Soat | C277: 53204 | D277: NEURÓLISIS DE PLEJO TORÁCICO | E277: 1503 | F277: Bloqueos simpáticos por regiones | G277: 245 | H277: 12 | I277: 2913000 | K277: 2761400 | L277: 151600 | M277: 0.054899689
A278: 277 | B278: Soat | C278: 53205 | D278: NEURÓLISIS DE PLEJO CELÍACO | E278: 1503 | F278: Bloqueos simpáticos por regiones | G278: 245 | H278: 12 | I278: 2913000 | K278: 2761400 | L278: 151600 | M278: 0.054899689
... A325: 324 | B325: Soat | C325: 76500 | D325: ESCISIÓN TOTAL DE HIPÓFISIS, VÍA TRANSESFENOIDAL SOD | E325: 1121 | F325: Craneotomía para extirpación adenomas hipofisiarios (vía transesfenoidal) | G325: 245 | H325: 22 | I325: 3984600 | K325: 3777300 | L325: 207300 | M325: 0.05488047
A326: 325 | B326: Soat | C326: 78203 | D326: RESECCION TOTAL DEL TIMO VIA ABIERTA | E326: 6111 | F326: Timectomía | G326: 234 | H326: 20 | I326: 2857700 | J326: UNICAMENTE MANEJO INTRAHOSPITALARIO | K326: 2709000 | L326: 148700 | M326: 0.054891104
A327: 326 | B327: Propia con grupo | C327: 78204 | D327: RESECCION TOTAL DEL TIMO POR TORACOSCOPIA | E327: 78204 | F327: RESECCION TOTAL DEL TIMO POR TORACOSCOPIA | G327: 234 | H327: 22 | I327: 3984600 | J327: UNICAMENTE MANEJO INTRAHOSPITALARIO | K327: 3777300 | L327: 207300 | M327: 0.05488047
A328: 327 | B328: Soat | C328: 82302 | D328: RESECCION DE TUMOR BENIGNO O MALIGNO DE PARPADO, ESPESOR PARCIAL, DOS TERCIOS | E328: 2222 | F328: Resección tumor maligno párpado | G328: 213 | H328: 8 | I328: 1664600 | K328: 1578000 | L328: 86600 | M328: 0.054879594
A329: 328 | B329: Soat | C329: 82405 | D329: RESECCION DE TUMOR BENIGNO O MALIGNO DE PARPADO, ESPESOR TOTAL, MAYOR DE DOS TERCIOS | E329: 2221 | F329: Resección tumor benigno párpado | G329: 213 | H329: 5 | I329: 850800 | K329: 806500 | L329: 44300 | M329: 0.054928704
A330: 329 | B330: Soat | C330: 82602 | D330: TARSORRAFIA | E330: 2223 | F330: Tarsectomía | G330: 213 | H330: 4 | I330: 672000 | K330: 637000 | L330: 35000 | M330: 0.054945055
A331: 330 | B331: Soat | C331: 83002 | D331: CORRECCION DE PTOSIS PALPEBRAL, POR SUSPENSION FRONTAL CON DESLIZAMIENTO DEL MUSCULO FRONTAL | E331: 2272 | F331: Corrección ptosis palpebral deslizamiento músculo frontal | G331: 213 | H331: 9 | I331: 1901000 | K331: 1802100 | L331: 98900 | M331: 0.054880417
A332: 331 | B332: Soat | C332: 83003 | D332: CORRECCION DE PTOSIS PALPEBRAL, POR RESECCION EXTERNA DEL ELEVADOR VIA ANTERIOR | E332: 2270 | F332: Corrección ptosis palpebral (resección externa o interna del músculo elevador) | G332: 213 | H332: 11 | I332: 2724400 | J332: Unicamente para paciente adulto siempre y cuando la ptosis no sea congénita. | K332: 2582600 | L332: 141800 | M332: 0.054905909
A333: 332 | B333: Soat | C333: 83801 | D333: CANTOTOMÍA | E333: 2262 | F333: Cantotomía | G333: 213 | H333: 3 | I333: 500000 | K333: 474000 | L333: 26000 | M333: 0.054852321
A334: 333 | B334: Soat | C334: 83802 | D334: CANTORRAFIA | E334: 2261 | F334: Cantorrafia | G334: 213 | H334: 4 | I334: 672000 | K334: 637000 | L334: 35000 | M334: 0.054945055
A335: 334 | B335: Soat | C335: 83803 | D335: CANTOPLASTIA | E335: 2260 | F335: Cantoplastia | G335: 213 | H335: 4 | I335: 672000 | K335: 637000 | L335: 35000 | M335: 0.054945055
A336: 335 | B336: Soat | C336: 83804 | D336: BLEFAROPLASTIA SUPERIOR | E336: 2247 | F336: Blefaroplastia | G336: 213 | H336: 10 | I336: 2536400 | K336: 2404500 | L336: 131900 | M336: 0.054855479
A337: 336 | B337: Soat | C337: 83811 | D337: CORRECCIÓN DE EPICANTO | E337: 2263 | F337: Corrección epicanto | G337: 213 | H337: 6 | I337: 1172500 | K337: 1111500 | L337: 61000 | M337: 0.054880792
A338: 337 | B338: Soat | C338: 86001 | D338: RECONSTRUCCIÓN DE PÁRPADOS CON COLGAJO | E338: 2247 | F338: Blefaroplastia | G338: 213 | H338: 10 | I338: 2536400 | K338: 1435700 | L338: 1100700 | M338: 0.76666434
A339: 338 | B339: Soat | C339: 86003 | D339: RECONSTRUCCION DE PARPADOS POR LIBERACION DE COLGAJO | E339: 2247 | F339: Blefaroplastia | G339: 213 | H339: 10 | I339: 2536400 | K339: 2404500 | L339: 131900 | M339: 0.054855479
A340: 339 | B340: Soat | C340: 88201 | D340: SUTURA SUPERFICIAL DE HERIDA ÚNICA DE PÁRPADO | E340: 2230 | F340: Blefarorrafia | G340: 213 | H340: 4 | I340: 672000 | K340: 637000 | L340: 35000 | M340: 0.054945055
A341: 340 | B341: Soat | C341: 88403 | D341: SUTURA DE PARPADO Y RECONSTRUCCION CON INJERTO O COLGAJO | E341: 2247 | F341: Blefaroplastia | G341: 213 | H341: 10 | I341: 2536400 | K341: 2404500 | L341: 131900 | M341: 0.054855479
A342: 341 | B342: Soat | C342: 89209 | D342: PLASTIA DE CEJAS POR SUSPENSION CON SUTURA | E342: 15273 | F342: Plastia en Z (una a dos), en área especial; incluye: cara, cuello, genitales, planta de pie | G342: 213 | H342: 7 | I342: 1514600 | K342: 1435700 | L342: 78900 | M342: 0.054955771
A343: 342 | B343: Soat | C343: 94401 | D343: INTUBACION DE VIA LAGRIMAL VIA EXTERNA | E343: 28105 | F343: Sondeo vías lagrimales (mínimo 3. sesiones), incluye: estricturotomía | G343: 213 | H343: 18.74 | I343: 173200 | K343: 164200 | L343: 9000 | M343: 0.054811206
A344: 343 | B344: Soat | C344: 95001 | D344: DRENAJE DEL SACO LAGRIMAL | E344: 2140 | F344: Remoción cálculos canalículos lagrimales | G344: 213 | H344: 3 | I344: 500000 | K344: 474000 | L344: 26000 | M344: 0.054852321
... A427: 426 | B427: Soat | C427: 224101 | D427: SINUSOTOMÍA FRONTAL VÍA TRANSNASAL | E427: 3460 | F427: Frontotomía radical | G427: 209 | H427: 8 | I427: 1664600 | K427: 1578000 | L427: 86600 | M427: 0.054879594
A428: 427 | B428: soat | C428: 224102 | D428: SINUSOTOMIA FRONTAL VIA TRANSNASAL ENDOSCOPICA | E428: 3464 | F428: Cirugía endoscópica transnasal | G428: 209 | H428: 20 | I428: 2857700
A429: 428 | B429: Soat | C429: 224104 | D429: SINUSOTOMÍA FRONTAL VÍA CORONAL CON FRONTOTOMIA RADICAL | E429: 3460 | F429: Frontotomía radical | G429: 209 | H429: 8 | I429: 1664600 | K429: 1578000 | L429: 86600 | M429: 0.054879594
A430: 429 | B430: Soat | C430: 224105 | D430: SINUSOTOMÍA FRONTAL VÍA CORONAL CON CRANEALIZACION DE SENO FRONTAL | E430: 3461 | F430: Operación de Lynch; incluye mucocele frontal | G430: 209 | H430: 10 | I430: 2536400 | K430: 2404500 | L430: 131900 | M430: 0.054855479
A431: 430 | B431: Soat | C431: 224204 | D431: RESECCION DE LESIONES BENIGNAS DE SENOS FRONTAL O ETMOIDAL VIA TRANSNASAL ENDOSCOPICA | E431: 3464 | F431: Cirugía endoscópica transnasal | G431: 209 | H431: 20 | I431: 2857700 | K431: 2709000 | L431: 148700 | M431: 0.054891104
A432: 431 | B432: Soat | C432: 225004 | D432: ETMOIDECTOMÍA ANTERIOR Y POSTERIOR REVISIONAL | E432: 3468 | F432: Etmoidectomía intranasal | G432: 209 | H432: 9 | I432: 1901000 | K432: 1435700 | L432: 465300 | M432: 0.32409278
A433: 432 | B433: Soat | C433: 225006 | D433: ESFENOIDECTOMÍA REVISIONAL | E433: 3466 | F433: Esfenoidotomía | G433: 209 | H433: 10 | I433: 2536400 | K433: 2404500 | L433: 131900 | M433: 0.054855479
A434: 433 | B434: Soat | C434: 225302 | D434: INCISION DE MULTIPLES SENOS PARANASALES VIA TRANSNASAL ENDOSCOPICA | E434: 3464 | F434: Cirugía endoscópica transnasal | G434: 209 | H434: 20 | I434: 2857700 | K434: 2709000 | L434: 148700 | M434: 0.054891104
A435: 434 | B435: Soat | C435: 226101 | D435: ESCISIÓN DE LESIÓN DE SENO MAXILAR VÍA OROANTRAL | E435: 3463 | F435: Operación de Cadwell Luc (sinusotomía maxilar) | G435: 209 | H435: 8 | I435: 1664600 | K435: 44400 | L435: 1620200 | M435: 36.490991
A436: 435 | B436: Soat | C436: 226203 | D436: RESECCIÓN DE LESIÓN BENIGNA EN SENO MAXILAR VÍA TRANSNASAL | E436: 3464 | F436: Cirugía endoscópica transnasal | G436: 209 | H436: 20 | I436: 2857700 | K436: 2709000 | L436: 148700 | M436: 0.054891104
A437: 436 | B437: Soat | C437: 226204 | D437: RESECCION DE LESION BENIGNA EN SENO MAXILAR VIA TRANSNASAL ENDOSCOPICA | E437: 3469 | F437: Maxilectomía superior | G437: 209 | H437: 12 | I437: 2913000 | K437: 2761400 | L437: 151600 | M437: 0.054899689
A438: 437 | B438: Soat | C438: 226303 | D438: ETMOIDECTOMIA ANTERIOR TRANSNASAL | E438: 3468 | F438: Etmoidectomía intranasal | G438: 209 | H438: 9 | I438: 1901000 | K438: 1802100 | L438: 98900 | M438: 0.054880417
A439: 438 | B439: soat | C439: 226304 | D439: ETMOIDECTOMIA ANTERIOR VIA TRANSNASAL ENDOSCOPICA | E439: 3464 | F439: Cirugía endoscópica transnasal | G439: 209 | H439: 20 | I439: 2857700 | K439: 2709000 | L439: 148700 | M439: 0.054891104
A440: 439 | B440: Soat | C440: 226305 | D440: ETMOIDECTOMÍA ANTERIOR Y POSTERIOR VÍA TRANSNASAL ENDOSCÓPICA | E440: 3468 | F440: Etmoidectomía intranasal | G440: 209 | H440: 9 | I440: 1901000 | K440: 1802100 | L440: 98900 | M440: 0.054880417
... A526: 525 | B526: Soat | C526: 306002 | D526: MICROENDOSCOPIA LARÍNGEA | E526: 18101 | F526: Microlaringoscopia | G526: 209 | H526: 6 | I526: 1172500 | K526: 1111500 | L526: 61000 | M526: 0.054880792
A527: 526 | B527: Propia con grupo | C527: 306003 | D527: ESTROBOSCOPIA LARINGEA | E527: 306003 | F527: ESTROBOSCOPIA LARINGEA | G527: 209 | H527: 8 | I527: 1664600 | J527: PACIENTE DEBE TRAER MEMORIA USB, PARA LA GRABACIÓN DEL PROCEDIMIENTO. | K527: 1578000 | L527: 86600 | M527: 0.054879594
A528: 527 | B528: Soat | C528: 306004 | D528: LARINGOSCOPIA | E528: 18101 | F528: Microlaringoscopia | G528: 209 | H528: 6 | I528: 1172500 | K528: 1111500 | L528: 61000 | M528: 0.054880792
A529: 528 | B529: Soat | C529: 306101 | D529: BIOPSIA DE LARÍNGE VÍA ABIERTA | E529: 17306 | F529: Laringe o cuerda vocal | G529: 209 | H529: 8 | I529: 1664600 | K529: 1578000 | L529: 86600 | M529: 0.054879594
A530: 529 | B530: Soat | C530: 306102 | D530: BIOPSIA DE LARÍNGE VÍA ENDOSCÓPICA | E530: 17306 | F530: Laringe o cuerda vocal | G530: 209 | H530: 8 | I530: 1664600 | K530: 1578000 | L530: 86600 | M530: 0.054879594
A531: 530 | B531: Soat | C531: 306201 | D531: DILATACIÓN DE LARÍNGE | E531: 3582 | F531: Dilatación de la laringe (sesión) | G531: 209 | H531: 3 | I531: 500000 | K531: 474000 | L531: 26000 | M531: 0.054852321
A532: 531 | B532: Soat | C532: 306401 | D532: EXTRACCIÓN DE DISPOSITIVO LARÍNGEO VÍA ABIERTA | E532: 3543 | F532: Extracción molde laríngeo | G532: 209 | H532: 5 | I532: 850800 | K532: 806500 | L532: 44300 | M532: 0.054928704
A533: 532 | B533: Soat | C533: 311101 | D533: CRICOTIROTOMIA VIA ABIERTA | E533: 3502 | F533: Traqueostomía | G533: 203 | H533: 12 | I533: 2913000 | K533: 2761400 | L533: 151600 | M533: 0.054899689
A534: 533 | B534: Soat | C534: 311102 | D534: CRICOTIROTOMÍA VÍA PERCUTÁNEA | E534: 3502 | F534: Traqueostomía | G534: 203 | H534: 12 | I534: 2913000 | K534: 3777300 | L534: -864300 | M534: -0.22881423
A535: 534 | B535: Soat | C535: 311301 | D535: TRAQUEOSTOMÍA VÍA ABIERTA | E535: 3502 | F535: Traqueostomía | G535: 209 | H535: 12 | I535: 2913000 | K535: 2761400 | L535: 151600 | M535: 0.054899689
A536: 535 | B536: Soat | C536: 311302 | D536: TRAQUEOSTOMÍA VÍA PERCUTÁNEA | E536: 3502 | F536: Traqueostomía | G536: 234 | H536: 12 | I536: 2913000 | J536: UNICAMENTE MANEJO INTRAHOSPITALARIO | K536: 2761400 | L536: 151600 | M536: 0.054899689
...

Sheet Hoja2
C1: DESCRIPCIÓN | D1: VALOR 2025 UVT | E1: SOAT VALOR | F1: UVB VALOR | G1: 1 | H1: 1 | I1: 1
A2: 11230 | B2: 668100 | C2: Hidrotubación trompa de falopio | D2: 530300 | E2: 576100 | F2: 528500 | G2: 530300 | H2: 576100 | I2: 528500
A3: 11231 | B3: 668100 | C3: Insuflación trompa de falopio | D3: 530300 | E3: 576100 | F3: 528500 | G3: 530300 | H3: 576100 | I3: 528500
A4: 11601 | B4: 712200 | C4: Drenaje absceso glándula de bartholín | D4: 530300 | E4: 576100 | F4: 528500 | G4: 530300 | H4: 576100 | I4: 528500
A5: 11610 | B5: 863103 | C5: Fulguración vulva | D5: 530300 | E5: 576100 | F5: 528500 | G5: 530300 | H5: 576100 | I5: 528500
A6: 15200 | B6: 15200 | C6: Onicectomía una a dos uñas | D6: 530300 | E6: 576100 | F6: 528500 | G6: 530300 | H6: 576100 | I6: 528500
A7: 15284 | B7: 868602 | C7: Reposición uña de polietileno | D7: 530300 | E7: 576100 | F7: 528500 | G7: 530300 | H7: 576100 | I7: 528500
A8: 17302 | B8: 11304 | C8: Encía | D8: 530300 | E8: 576100 | F8: 528500 | G8: 530300 | H8: 576100 | I8: 528500
A9: 17305 | B9: 272300 | C9: Labio | D9: 530300 | E9: 576100 | F9: 528500 | G9: 530300 | H9: 576100 | I9: 528500
A10: 17900 | B10: 860102 | C10: Piel y tejido celular subcutáneo, en otros sitios no clasificados | D10: 530300 | E10: 576100 | F10: 528500 | G10: 530300 | H10: 576100 | I10: 528500
A11: 18903 | B11: 702200 | C11: Colposcopia (vaginoscopia) | D11: 530300 | E11: 576100 | F11: 528500 | G11: 530300 | H11: 576100 | I11: 528500
A12: 2101 | B12: 90100 | C12: Drenaje glándula lagrimal; incluye saco lagrimal | D12: 627000 | E12: 680900 | F12: 625000 | G12: 627000 | H12: 680900 | I12: 625000
A13: 2140 | B13: 94100 | C13: Remoción cálculos canalículos lagrimales | D13: 627000 | E13: 680900 | F13: 625000 | G13: 627000 | H13: 680900 | I13: 625000
... A430: 2703 | B430: 123400 | C430: Iridodiálisis posterior | D430: 1898900 | E430: 2062800 | F430: 1893100 | G430: 1898900 | H430: 2062800 | I430: 1893100
A431: 2704 | B431: SH | C431: Iridotasis | D431: 1898900 | E431: 2062800 | F431: 1893100 | G431: 1898900 | H431: 2062800 | I431: 1893100
A432: 2723 | B432: 121200 | C432: Iridotomía por fotocoagulación | D432: 1898900 | E432: 2062800 | F432: 1893100 | G432: 1898900 | H432: 2062800 | I432: 1893100
A433: 2801 | B433: 125500 | C433: Ciclodiálisis | D433: 1898900 | E433: 2062800 | F433: 1893100 | G433: 1898900 | H433: 2062800 | I433: 1893100
A434: 2806 | B434: 127501 | C434: Fotocoagulación del ángulo camerular (trabeculoplastia) | D434: 1898900 | E434: 2062800 | F434: 1893100 | G434: 1898900 | H434: 2062800 | I434: 1893100
A435: 3111 | B435: 182100 | C435: Resección fístula pre auricular | D435: 1898900 | E435: 2062800 | F435: 1893100 | G435: 1898900 | H435: 2062800 | I435: 1893100
A436: 3421 | B436: 218700 | C436: Turbinoplastia | D436: 1898900 | E436: 2062800 | F436: 1893100 | G436: 1898900 | H436: 2062800 | I436: 1893100
A437: 3454 | B437: 227101 | C437: Corrección fístula oroantral; incluye fístula gingivonasal | D437: 1898900 | E437: 2062800 | F437: 1893100 | G437: 1898900 | H437: 2062800 | I437: 1893100
A438: 3467 | B438: 226302 | C438: Etmoidectomía externa | D438: 1898900 | E438: 2062800 | F438: 1893100 | G438: 1898900 | H438: 2062800 | I438: 1893100
A439: 3541 | B439: 319300 | C439: Aplicación molde laríngeo | D439: 1898900 | E439: 2062800 | F439: 1893100 | G439: 1898900 | H439: 2062800 | I439: 1893100
A440: 3601 | B440: 282100 | C440: Amigdalectomía | D440: 1898900 | E440: 2062800 | F440: 1893100 | G440: 1898900 | H440: 2062800 | I440: 1893100
A441: 3644 | B441: 285101 | C441: Resección amígdala lingual; incluye electrofulguración | D441: 1898900 | E441: 2062800 | F441: 1893100 | G441: 1898900 | H441: 2062800 | I441: 1893100
A442: 6321 | B442: 53107 | C442: Sección intratorácica nervio frénico | D442: 1898900 | E442: 2062800 | F442: 1893100 | G442: 1898900 | H442: 2062800 | I442: 1893100
A443: 7102 | B443: 530100 | C443: Herniorrafia inguinal (excepto recidiva) | D443: 1898900 | E443: 2062800 | F443: 1893100 | G443: 1898900 | H443: 2062800 | I443: 1893100
... A906: 14133 | B906: 779405 | C906: Resección cabeza de metacarpianos (tres o más) | D906: 2383500 | E906: 2589400 | F906: 2376200 | G906: 2383500 | H906: 2589400 | I906: 2376200
A907: 14135 | B907: #N/A | C907: Resección cabeza de falange (tres o más) | D907: 2383500 | E907: 2589400 | F907: 2376200 | G907: 2383500 | H907: 2589400 | I907: 2376200
A908: 14142 | B908: 780403 | C908: Injerto óseo en metacarpianos (uno a dos) | D908: 2383500 | E908: 2589400 | F908: 2376200 | G908: 2383500 | H908: 2589400 | I908: 2376200
A909: 14145 | B909: 780901 | C909: Injerto óseo en falanges (tres o más) | D909: 2383500 | E909: 2589400 | F909: 2376200 | G909: 2383500 | H909: 2589400 | I909: 2376200
A910: 14156 | B910: 797403 | C910: Reducción cerrada luxación metacarpofalángica (una a dos) | D910: 2383500 | E910: 2589400 | F910: 2376200 | G910: 2383500 | H910: 2589400 | I910: 2376200
A911: 14210 | B911: 824321 | C911: Tenorrafia extensores mano (uno a dos) | D911: 2383500 | E911: 2589400 | F911: 2376200 | G911: 2383500 | H911: 2589400 | I911: 2376200
A912: 14212 | B912: 824301 | C912: Tenorrafia extensores dedos (cada uno) | D912: 2383500 | E912: 2589400 | F912: 2376200 | G912: 2383500 | H912: 2589400 | I912: 2376200
A913: 14231 | B913: 827901 | C913: Injerto de tendón extensor mano (tres o más) | D913: 2383500 | E913: 2589400 | F913: 2376200 | G913: 2383500 | H913: 2589400 | I913: 2376200
A914: 14301 | B914: 804301 | C914: Capsulotomía metacarpofalángicas (una a dos) | D914: 2383500 | E914: 2589400 | F914: 2376200 | G914: 2383500 | H914: 2589400 | I914: 2376200
A915: 14303 | B915: 804302 | C915: Capsulotomía interfalángicas (una a dos) | D915: 2383500 | E915: 2589400 | F915: 2376200 | G915: 2383500 | H915: 2589400 | I915: 2376200
A916: 14315 | B916: 812802 | C916: Artrodesis interfalángicas, con injerto óseo | D916: 2383500 | E916: 2589400 | F916: 2376200 | G916: 2383500 | H916: 2589400 | I916: 2376200
A917: 14321 | B917: 817202 | C917: Artroplastia trapecio metacarpiana | D917: 2383500 | E917: 2589400 | F917: 2376200 | G917: 2383500 | H917: 2589400 | I917: 2376200
A918: 14420 | B918: 43105 | C918: Neurorrafia un nervio mano | D918: 2383500 | E918: 2589400 | F918: 2376200 | G918: 2383500 | H918: 2589400 | I918: 2376200
A919: 14429 | B919: 43106 | C919: Neurorrafia de colaterales en tres o más dedos con injerto | D919: 2383500 | E919: 2589400 | F919: 2376200 | G919: 2383500 | H919: 2589400 | I919: 2376200
... A924: 16274 | B924: 275304 | C924: Cierre fístula orosinusal y antrostomía, incluye remoción de cuerpo extraño o diente | D924: 2383500 | E924: 2589400 | F924: 2376200 | G924: 2383500 | H924: 2589400 | I924: 2376200
A925: 16346 | B925: SH | C925: Implante hidrosilapotita con expansor de periostio | D925: 2383500 | E925: 2589400 | F925: 2376200 | G925: 2383500 | H925: 2589400 | I925: 2376200
A926: 16347 | B926: 236300 | C926: Implante de oseointegración | D926: 2383500 | E926: 2589400 | F926: 2376200 | G926: 2383500 | H926: 2589400 | I926: 2376200
A927: 16512 | B927: 244103 | C927: Resección tumor odontogénico (excepto tumores no encapsulados) | D927: 2383500 | E927: 2589400 | F927: 2376200 | G927: 2383500 | H927: 2589400 | I927: 2376200
A928: 16514 | B928: 243302 | C928: Enucleación de quiste epidermoide, vía extraoral | D928: 2383500 | E928: 2589400 | F928: 2376200 | G928: 2383500 | H928: 2589400 | I928: 2376200
A929: 16516 | B929: 244103 | C929: Extirpación de tumor odontogénico encapsulado (compromiso de nervio dentario inferior o seno maxilar) | D929: 2383500 | E929: 2589400 | F929: 2376200 | G929: 2383500 | H929: 2589400 | I929: 2376200
A930: 16519 | B930: 244103 | C930: Extirpación de tumor odontogénico cementificante | D930: 2383500 | E930: 2589400 | F930: 2376200 | G930: 2383500 | H930: 2589400 | I930: 2376200
A931: 16550 | B931: 237902 | C931: Descenso de agujero mentonero | D931: 2383500 | E931: 2589400 | F931: 2376200 | G931: 2383500 | H931: 2589400 | I931: 2376200
A932: 16551 | B932: 237902 | C932: Exploración conducto dentario inferior; incluye descompresión, neurectomías | D932: 2383500 | E932: 2589400 | F932: 2376200 | G932: 2383500 | H932: 2589400 | I932: 2376200
A933: 17102 | B933: 33200 | C933: Médula espinal | D933: 2383500 | E933: 2589400 | F933: 2376200 | G933: 2383500 | H933: 2589400 | I933: 2376200
A934: 17103 | B934: 33200 | C934: Meninges vertebrales | D934: 2383500 | E934: 2589400 | F934: 2376200 | G934: 2383500 | H934: 2589400 | I934: 2376200
A935: 17310 | B935: 61300 | C935: Glándula paratiroides | D935: 2383500 | E935: 2589400 | F935: 2376200 | G935: 2383500 | H935: 2589400 | I935: 2376200
A936: 17402 | B936: 11304 | C936: Organo mediastinal (incluye timo) | D936: 2383500 | E936: 2589400 | F936: 2376200 | G936: 2383500 | H936: 2589400 | I936: 2376200
A937: 17403 | B937: 372600 | C937: Pericardio | D937: 2383500 | E937: 2589400 | F937: 2376200 | G937: 2383500 | H937: 2589400 | I937: 2376200
... A1012: 9302 | B1012: 571101 | C1012: Cistolitotomía | D1012: 3180000 | E1012: 3454800 | F1012: 3170600 | G1012: 3180000 | H1012: 3454800 | I1012: 3170600
A1013: 9374 | B1013: SH | C1013: Tratamiento hidrostático para tumor vesical | D1013: 3180000 | E1013: 3454800 | F1013: 3170600 | G1013: 3180000 | H1013: 3454800 | I1013: 3170600
A1014: 9401 | B1014: 580030 | C1014: Uretrolitotomía | D1014: 3180000 | E1014: 3454800 | F1014: 3170600 | G1014: 3180000 | H1014: 3454800 | I1014: 3170600
A1015: 9403 | B1015: 580030 | C1015: Extracción cuerpo extraño uretral | D1015: 3180000 | E1015: 3454800 | F1015: 3170600 | G1015: 3180000 | H1015: 3454800 | I1015: 3170600
A1016: 9423 | B1016: 583230 | C1016: Uretrectomía simple | D1016: 3180000 | E1016: 3454800 | F1016: 3170600 | G1016: 3180000 | H1016: 3454800 | I1016: 3170600
A1017: 9453 | B1017: 583201 | C1017: Extirpación y/o electrofulguración lesiones uretrales (vía abierta) | D1017: 3180000 | E1017: 3454800 | F1017: 3170600 | G1017: 3180000 | H1017: 3454800 | I1017: 3170600
A1018: 9454 | B1018: 583202 | C1018: Resección de valvas congénitas uretrales (vía: abierta) | D1018: 3180000 | E1018: 3454800 | F1018: 3170600 | G1018: 3180000 | H1018: 3454800 | I1018: 3170600
A1019: 9502 | B1019: 600200 | C1019: Prostatolitotomía | D1019: 3180000 | E1019: 3454800 | F1019: 3170600 | G1019: 3180000 | H1019: 3454800 | I1019: 3170600
A1020: 9622 | B1020: 613401 | C1020: Resección parcial del escroto | D1020: 3180000 | E1020: 3454800 | F1020: 3170600 | G1020: 3180000 | H1020: 3454800 | I1020: 3170600
A1021: 9651 | B1021: 625101 | C1021: Orquidopexia | D1021: 3180000 | E1021: 3454800 | F1021: 3170600 | G1021: 3180000 | H1021: 3454800 | I1021: 3170600
A1022: 9810 | B1022: 643100 | C1022: Amputación parcial del pene | D1022: 3180000 | E1022: 3454800 | F1022: 3170600 | G1022: 3180000 | H1022: 3454800 | I1022: 3170600
A1023: 9822 | B1023: 644910 | C1023: Extirpación de nódulos de la enfermedad de peyronie | D1023: 3180000 | E1023: 3454800 | F1023: 3170600 | G1023: 3180000 | H1023: 3454800 | I1023: 3170600
A1024: 9841 | B1024: 649803 | C1024: Intervenciones para priapismo; incluye punción o drenaje cuerpos cavernosos | D1024: 3180000 | E1024: 3454800 | F1024: 3170600 | G1024: 3180000 | H1024: 3454800 | I1024: 3170600
A1025: 11140 | B1025: 652902 | C1025: Liberación adherencias de ovario (ovariolisis con microcirugía) | D1025: 3180000 | E1025: 3454800 | F1025: 3170600 | G1025: 3180000 | H1025: 3454800 | I1025: 3170600
... A1654: 13832 | B1654: 836201 | C1654: Tenorrafia flexores antebrazo (cinco o más), con neurorrafia | D1654: 4313700 | E1654: 4686200 | F1654: 4300400 | G1654: 4313700 | H1654: 4686200 | I1654: 4300400
A1655: 14214 | B1655: SH | C1655: Tenorrafia flexores mano (cinco ó más) con neurorrafias | D1655: 4313700 | E1655: 4686200 | F1655: 4300400 | G1655: 4313700 | H1655: 4686200 | I1655: 4300400
A1656: 15258 | B1656: 857200 | C1656: Reconstrucción seno con colgajo | D1656: 4313700 | E1656: 4686200 | F1656: 4300400 | G1656: 4313700 | H1656: 4686200 | I1656: 4300400
A1657: 15281 | B1657: 47101 | C1657: Corrección parálisis facial (técnica microquirúrgica) | D1657: 4313700 | E1657: 4686200 | F1657: 4300400 | G1657: 4313700 | H1657: 4686200 | I1657: 4300400
A1658: 18235 | B1658: 814504 | C1658: Reconstrucción de ligamento cruzado posterior con injerto autólogo o aloinjerto | D1658: 4313700 | E1658: 4686200 | F1658: 4300400 | G1658: 4313700 | H1658: 4686200 | I1658: 4300400
A1659: 1112 | B1659: 381200 | C1659: Tratamiento de malformaciones arterio venosas de línea media e intraventricular | D1659: 4995800 | E1659: 5427300 | F1659: 4980800 | G1659: 4995800 | H1659: 5427300 | I1659: 4980800
A1660: 1114 | B1660: 395010 | C1660: Revascularización supratentorial e infratentorial | D1660: 4995800 | E1660: 5427300 | F1660: 4980800 | G1660: 4995800 | H1660: 5427300 | I1660: 4980800
A1661: 1120 | B1661: 15200 | C1661: Craneotomía para extirpación adenomas hipofisiarios | D1661: 4995800 | E1661: 5427300 | F1661: 4980800 | G1661: 4995800 | H1661: 5427300 | I1661: 4980800
A1662: 1121 | B1662: 15300 | C1662: Craneotomía para extirpación adenomas hipofisiarios (vía transesfenoidal) | D1662: 4995800 | E1662: 5427300 | F1662: 4980800 | G1662: 4995800 | H1662: 5427300 | I1662: 4980800
A1663: 1123 | B1663: 15400 | C1663: Craneotomía para drenaje y extracción de tumores intraventriculares (incluye: quiste coloide del tercer ventrículo) | D1663: 4995800 | E1663: 5427300 | F1663: 4980800 | G1663: 4995800 | H1663: 5427300 | I1663: 4980800
A1664: 1128 | B1664: 13201 | C1664: Craneotomía para tumores del ángulo ponto cerebeloso | D1664: 4995800 | E1664: 5427300 | F1664: 4980800 | G1664: 4995800 | H1664: 5427300 | I1664: 4980800
A1665: 1143 | B1665: 20500 | C1665: Hemisferectomía | D1665: 4995800 | E1665: 5427300 | F1665: 4980800 | G1665: 4995800 | H1665: 5427300 | I1665: 4980800
A1666: 1147 | B1666: 23401 | C1666: Tratamiento de platibasia (síndrome de arnold chiari) | D1666: 4995800 | E1666: 5427300 | F1666: 4980800 | G1666: 4995800 | H1666: 5427300 | I1666: 4980800
A1667: 1149 | B1667: 22202 | C1667: Injertos intracraneanos (médula suprarrenal) | D1667: 4995800 | E1667: 5427300 | F1667: 4980800 | G1667: 4995800 | H1667: 5427300 | I1667: 4980800
... A1772: 14603 | B1772: 828102 | C1772: Trasplante dedo del pie a mano | D1772: 7133700 | E1772: 7749400 | F1772: 7112100 | G1772: 7133700 | H1772: 7749400 | I1772: 7112100
A1773: 23106 | B1773: 53109 | C1773: Bloqueo de nervios pudendos | D1773: 0 | E1773: 49348 | F1773: #N/A | G1773: 0 | H1773: 49348 | I1773: #N/A
A1774: 25120 | B1774: 876190 | C1774: Arteriografía selectiva no coronaria | D1774: 0 | E1774: 947576.5 | F1774: 869865.6 | G1774: 0 | H1774: 947576.5 | I1774: 869865.6
A1775: 25122 | B1775: 877141 | C1775: Arteriografia abdominal | D1775: 0 | E1775: 965133 | F1775: 885691.84 | G1775: 0 | H1775: 965133 | I1775: 885691.84
A1776: 25123 | B1776: 878912 | C1776: Arteriografia periferica | D1776: 0 | E1776: 965133 | F1776: 885691.84 | G1776: 0 | H1776: 965133 | I1776: 885691.84
A1777: 25125 | B1777: 378200 | C1777: Implantacion de marcapaso definitivo con electrodo venoso | D1777: 0 | E1777: 2623036 | F1777: 2407436.8 | G1777: 0 | H1777: 2623036 | I1777: 2407436.8
A1778: 25127 | B1778: 360100 | C1778: Angioplastia coronaria (incluye: colocacion marcapaso y coronariografia post angioplastia inmediata) | D1778: 0 | E1778: 2428965.5 | F1778: 2229189.4 | G1778: 0 | H1778: 2428965.5 | I1778: 2229189.4
A1779: 25128 | B1779: 395000 | C1779: Angioplastia periferica (incluye: arteriografia post angioplastia) | D1779: 0 | E1779: 1766089 | F1779: 1621092.2 | G1779: 0 | H1779: 1766089 | I1779: 1621092.2
A1780: 25139 | B1780: 386402 | C1780: Extraccion cuerpo extraño intravascular | D1780: 0 | E1780: 2623036 | F1780: 2407436.8 | G1780: 0 | H1780: 2623036 | I1780: 2407436.8
A1781: 19505 | B1781: 902211 | C1781: Hematocrito | D1781: 6573.468 | E1781: 7117.5 | F1781: 6538.432 | G1781: 6573.468 | H1781: 7117.5 | I1781: 6538.432
A1782: 40109 | B1782: A20001 | C1782: Acciones de promocion de la salud, prevencion de la enfermedad y proteccion departamentos de : amazonas, arauca, casanare, caqueta, choco, guajira, guainia, guaviare, meta, putumayo, san andres y providencia, sucre, vaupes, vichada y region de uraba. se e | D1782: 6971.86 | E1782: 7592 | F1782: 6965.856 | G1782: 6971.86 | H1782: 7592 | I1782: 6965.856
A1783: 40114 | B1783: A22001 | C1783: Acciones de promocion de la salud, prevencion de la enfermedad y proteccion especifica. por sesion. | D1783: 7868.242 | E1783: 8541 | F1783: 7809.152 | G1783: 7868.242 | H1783: 8541 | I1783: 7809.152
A1784: 40124 | B1784: A22001 | C1784: Acciones de promocion de la salud, prevencion de la enfermedad y proteccion especifica. por sesion. | D1784: 7868.242 | E1784: 8541 | F1784: 7809.152 | G1784: 7868.242 | H1784: 8541 | I1784: 7809.152
A1785: 19646 | B1785: 902216 | C1785: Leucocitos, recuento total | D1785: 8316.433 | E1785: 9015.5 | F1785: 8328.992 | G1785: 8316.433 | H1785: 9015.5 | I1785: 8328.992
A1786: 19977 | B1786: 902204 | C1786: Velocidad de sedimentacion globular vsg | D1786: 8316.433 | E1786: 9015.5 | F1786: 8328.992 | G1786: 8316.433 | H1786: 9015.5 | I1786: 8328.992
A1787: 19872 | B1787: 902046 | C1787: Sangria, tiempo de | D1787: 9163.016 | E1787: 9964.5 | F1787: 9172.288 | G1787: 9163.016 | H1787: 9964.5 | I1787: 9172.288
A1788: 19642 | B1788: 902216 | C1788: Leucocitos, recuento diferencial | D1788: 10507.589 | E1788: 11388 | F1788: 10443.008 | G1788: 10507.589 | H1788: 11388 | I1788: 10443.008
...

Sheet CIRCASIA
F1: PRECIO REFERENCIA
A2: ÍTEM | B2: CUPS | C2: DESCRIPCIÓN | D2: TIPO DE TARIFA | E2: TARIFA ENTIDAD | F2: CONTRATO 86-5-20089-24 | G2: SOAT VALOR 2025
A3: 1 | B3: 10B004 | C3: INTERNACION EN SERVICIO COMPLEJIDAD BAJA; HABITACION DE CUATRO CAMAS | E3: 199196 | F3: =+VLOOKUP(B3,'86-5-20006-24 '!$B$2:$D$12,3,) -> 188260 | G3: NO REGISTRA
A4: 2 | B4: 129B01 | C4: INTERNACIÓN ADULTOS COMPLEJIDAD BAJA HABITACIÓN INDIVIDUAL | E4: 284850 | F4: NO REGISTRA | G4: NO REGISTRA
A5: 3 | B5: 129B02 | C5: INTERNACIÓN ADULTOS COMPLEJIDAD BAJA HABITACION MÚLTIPLE | E5: 199196 | F5: NO REGISTRA | G5: NO REGISTRA
A6: 4 | B6: 130B02 | C6: INTERNACIÓN PEDIÁTRICA COMPLEJIDAD BAJA HABITACION MÚLTIPLE | E6: 199196 | F6: NO REGISTRA | G6: NO REGISTRA
A7: 5 | B7: 230101 | C7: EXODONCIA DE DIENTE PERMANENTE UNIRRADICULAR | E7: 40835 | F7: =+VLOOKUP(B7,'86-5-20006-24 '!$B$2:$D$12,3,) -> 31392 | G7: NO REGISTRA
A8: 6 | B8: 230102 | C8: EXODONCIA DE DIENTE PERMANENTE MULTIRRADICULAR | E8: 40835 | F8: =+VLOOKUP(B8,'86-5-20006-24 '!$B$2:$D$12,3,) -> 38405 | G8: NO REGISTRA
A9: 7 | B9: 230201 | C9: EXODONCIA DE DIENTE TEMPORAL UNIRRADICULAR | E9: 18924 | F9: =+VLOOKUP(B9,'86-5-20006-24 '!$B$2:$D$12,3,) -> 17744 | G9: NO REGISTRA
A10: 8 | B10: 232101 | C10: OBTURACIÓN DENTAL CON AMALGAMA | E10: 18924 | F10: =+VLOOKUP(B10,'86-5-20006-24 '!$B$2:$D$12,3,) -> 17744 | G10: NO REGISTRA
A11: 9 | B11: 232102 | C11: OBTURACIÓN DENTAL CON RESINA DE FOTOCURADO | E11: 63245 | F11: =+VLOOKUP(B11,'86-5-20006-24 '!$B$2:$D$12,3,) -> 29745 | G11: NO REGISTRA
A12: 10 | B12: 232401 | C12: RECONSTRUCCION DE ANGULO INCISAL; CON RESINA DE FOTOCURADO | E12: 160353 | F12: =+VLOOKUP(B12,'86-5-20006-24 '!$B$2:$D$12,3,) -> 151549 | G12: NO REGISTRA
A13: 11 | B13: 232402 | C13: RECONSTRUCCION TERCIO INCISAL; CON RESINA DE FOTOCURADO | E13: 321702 | F13: =+VLOOKUP(B13,'86-5-20006-24 '!$B$2:$D$12,3,) -> 304040 | G13: NO REGISTRA
A14: 12 | B14: 237301 | C14: TERAPIA DE CONDUCTO RADICULAR EN DIENTE UNIRRADICULAR | E14: 122506 | F14: =+VLOOKUP(B14,'86-5-20006-24 '!$B$2:$D$12,3,) -> 115780 | G14: NO REGISTRA
A15: 13 | B15: 237302 | C15: TERAP IA DE CONDUCTO RADICULAR EN DIENTE BIRRADICULAR | E15: 153879 | F15: =+VLOOKUP(B15,'86-5-20006-24 '!$B$2:$D$12,3,) -> 145431 | G15: NO REGISTRA
A16: 14 | B16: 237303 | C16: TERAPIA DE CONDUCTO RADICULAR EN DIENTE MULTIRRADICULAR | E16: 185252 | F16: =+VLOOKUP(B16,'86-5-20006-24 '!$B$2:$D$182,3,) -> 175082 | G16: NO REGISTRA
A17: 15 | B17: 237304 | C17: TERAPIA DE CONDUCTO RADICULAR EN DIENTE TEMPORAL UNIRRA-DICULAR | E17: 61751 | F17: =+VLOOKUP(B17,'86-5-20006-24 '!$B$2:$D$182,3,) -> 58361 | G17: NO REGISTRA
A18: 16 | B18: 579401 | C18: INSERCION DE DISPOSITIVO URINARIO (VESICAL) | E18: 45317 | F18: NO REGISTRA | G18: =+VLOOKUP(B18,'Hoja1 (2)'!$C$2:$I$3024,7,) -> 36200
A19: 17 | B19: 579501 | C19: REEMPLAZO DE CATETER URINARIO VESICAL SOD | E19: 45317 | F19: =+VLOOKUP(B19,'86-5-20006-24 '!$B$2:$D$182,3,) -> 42923 | G19: =+VLOOKUP(B19,'Hoja1 (2)'!$C$2:$I$3024,7,) -> 36200
A20: 18 | B20: 5DS002 | C20: DERECHOS DE SALA DE CURACIONES O PROCEDIMIENTOS | E20: 30875 | F20: =+VLOOKUP(B20,'86-5-20006-24 '!$B$2:$D$182,3,) -> 29322 | G20: =+VLOOKUP(B20,'Hoja1 (2)'!$C$2:$I$3024,7,) -> 24700
A21: 19 | B21: 5DS003 | C21: DERECHOS DE SALA DE PEQUEÑA CIRUGIA (SUTURAS) | E21: 71711 | F21: =+VLOOKUP(B21,'86-5-20006-24 '!$B$2:$D$182,3,) -> 67774 | G21: =+VLOOKUP(B21,'Hoja1 (2)'!$C$2:$I$3024,7,) -> 57200
A22: 20 | B22: 5DSB01 | C22: SALA DE OBSERVACION URGENCIAS DE COMPLEJIDAD BAJA SOD | E22: 98602 | F22: =+VLOOKUP(B22,'86-5-20006-24 '!$B$2:$D$182,3,) -> 93189 | G22: NO REGISTRA
A23: 21 | B23: 601T01 | C23: TRASLADO ASISTENCIAL BASICO TERRESTRE PRIMARIO - ARMENIA NOCTURNO | E23: 163072 | F23: =+VLOOKUP(B23,'86-5-20006-24 '!$B$2:$D$182,3,) -> 163072 | G23: NO REGISTRA
A24: 22 | B24: 601T01- | C24: 1] TRASLADO ASISTENCIAL BASICO TERRESTRE PRIMARIO - ARMENIA DIURNO | E24: 146328 | F24: =+VLOOKUP(B24,'86-5-20006-24 '!$B$2:$D$182,3,) -> 146328 | G24: NO REGISTRA
A25: 23 | B25: 601T02 | C25: TRASLADO ASISTENCIAL BASICO TERRESTRE SECUNDARIO - ARMENIA NOCTURNO | E25: 163072 | F25: =+VLOOKUP(B25,'86-5-20006-24 '!$B$2:$D$182,3,) -> 145600 | G25: NO REGISTRA
A26: 24 | B26: 601T02- | C26: 1] TRASLADO ASISTENCIAL BASICO TERRESTRE SECUNDARIO - ARMENIA DIURNO | E26: 146328 | F26: =+VLOOKUP(B26,'86-5-20006-24 '!$B$2:$D$182,3,) -> 130650 | G26: NO REGISTRA
A27: 25 | B27: 697101 | C27: INSERCION DE DISPOSITIVO INTRAUTERINO ANTICONCEPTIVO DIU SOD + | E27: 83662 | F27: =+VLOOKUP(B27,'86-5-20006-24 '!$B$2:$D$182,3,) -> 79069 | G27: =+VLOOKUP(B27,'Hoja1 (2)'!$C$2:$I$3024,7,) -> 66700
A28: 26 | B28: 735301 | C28: ASISTENCIA DEL PARTO ESPONTANEO NORMAL EXPULSIVO | E28: 216626 | F28: =+VLOOKUP(B28,'86-5-20006-24 '!$B$2:$D$182,3,) -> 759323 | G28: =+VLOOKUP(B28,'Hoja1 (2)'!$C$2:$I$3024,7,) -> 1514600
A29: 27 | B29: 861203 | C29: EXTRACCIÓN DE ANTICONCEPTIVOS SUBDERMICOS POR INCISION | E29: 83662 | F29: =+VLOOKUP(B29,'86-5-20006-24 '!$B$2:$D$182,3,) -> 71000 | G29: =+VLOOKUP(B29,'Hoja1 (2)'!$C$2:$I$3024,7,) -> 500000
A30: 28 | B30: 861801 | C30: INSERCIÓN DE ANTICONCEPTIVOS SUBDERMICOS | E30: 83662 | F30: =+VLOOKUP(B30,'86-5-20006-24 '!$B$2:$D$182,3,) -> 278813 | G30: NO REGISTRA
A31: 29 | B31: 862101 | C31: DRENAJE DE QUISTE PILONIDAL | E31: 95116 | F31: NO REGISTRA | G31: =+VLOOKUP(B31,'Hoja1 (2)'!$C$2:$I$3024,7,) -> 672000
A32: 30 | B32: 862701 | C32: ONICECTOMIA | E32: 95116 | F32: =+VLOOKUP(B32,'86-5-20006-24 '!$B$2:$D$182,3,) -> 89894 | G32: =+VLOOKUP(B32,'Hoja1 (2)'!$C$2:$I$3024,7,) -> 423000
A33: 31 | B33: 865101 | C33: SUTURA DE HERIDA UNICA; EN AREA GENERAL | E33: 24402 | F33: =+VLOOKUP(B33,'86-5-20006-24 '!$B$2:$D$182,3,) -> 23109 | G33: =+VLOOKUP(B33,'Hoja1 (2)'!$C$2:$I$3024,7,) -> 850800
A34: 32 | B34: 865102 | C34: SUTURA DE HERIDA MULTIPLE; EN AREA GENERAL | E34: 24402 | F34: =+VLOOKUP(B34,'86-5-20006-24 '!$B$2:$D$182,3,) -> 23109 | G34: =+VLOOKUP(B34,'Hoja1 (2)'!$C$2:$I$3024,7,) -> 1664600
A35: 33 | B35: 873411 | C35: RADIOGRAFIA DE CADERA O ARTICULACION COXO-FEMORAL (AP; LATERAL) | E35: 81172 | F35: =+VLOOKUP(B35,'86-5-20006-24 '!$B$2:$D$182,3,) -> 76716 | G35: =+VLOOKUP(B35,'Hoja1 (2)'!$C$2:$I$3024,7,) -> 64700
A36: 34 | B36: 890201 | C36: CONSULTA DE PRIMERA VEZ POR MEDICINA GENERAL | E36: 52289 | F36: =+VLOOKUP(B36,'86-5-20006-24 '!$B$2:$D$182,3,) -> 49418 | G36: NO REGISTRA
A37: 35 | B37: 890203 | C37: CONSULTA DE PRIMERA VEZ POR ODONTOLOGIA GENERAL | E37: 35855 | F37: =+VLOOKUP(B37,'86-5-20006-24 '!$B$2:$D$182,3,) -> 33840 | G37: NO REGISTRA
A38: 36 | B38: 890205 | C38: CONSULTA DE PRIMERA VEZ POR ENFERMERIA | E38: 33863 | F38: =+VLOOKUP(B38,'86-5-20006-24 '!$B$2:$D$182,3,) -> 31769 | G38: NO REGISTRA
A39: 37 | B39: 890206 | C39: CONSULTA DE PRIMERA VEZ POR NUTRICION Y DIETETICA | E39: 37847 | F39: NO REGISTRA | G39: NO REGISTRA
A40: 38 | B40: 890208 | C40: CONSULTA DE PRIMERA VEZ POR PSICOLOGIA | E40: 37847 | F40: =+VLOOKUP(B40,'86-5-20006-24 '!$B$2:$D$182,3,) -> 62126 | G40: NO REGISTRA
A41: 39 | B41: 890301 | C41: CONSULTA DE CONTROL O DE SEGUIMIENTO POR MEDICINA GENERAL | E41: 43325 | F41: =+VLOOKUP(B41,'86-5-20006-24 '!$B$2:$D$182,3,) -> 49418 | G41: NO REGISTRA
A42: 40 | B42: 890302 | C42: CONSULTA DE CONTROL O DE SEGUIMIENTO POR MEDICINA ESPECIALIZADA | E42: 52289 | F42: =+VLOOKUP(B42,'86-5-20006-24 '!$B$2:$D$182,3,) -> 49418 | G42: NO REGISTRA
A43: 41 | B43: 890303 | C43: CONSULTA DE CONTROL O DE SEGUIMIENTO POR ODONTOLOGIA GENERAL | E43: 30875 | F43: =+VLOOKUP(B43,'86-5-20006-24 '!$B$2:$D$182,3,) -> 29321 | G43: NO REGISTRA
A44: 42 | B44: 890305 | C44: CONSULTA DE CONTROL O DE SEGUIMIENTO POR ENFERMERIA | E44: 15936 | F44: =+VLOOKUP(B44,'86-5-20006-24 '!$B$2:$D$182,3,) -> 31769 | G44: NO REGISTRA
A45: 43 | B45: 890602 | C45: CUIDADO MANEJ O INTRAHOSPITALARIO POR MEDICINA ESPECIALIZADA | E45: 65735 | F45: =+VLOOKUP(B45,'86-5-20006-24 '!$B$2:$D$182,3,) -> 62126 | G45: =+VLOOKUP(B45,'Hoja1 (2)'!$C$2:$I$3024,7,) -> 69800
A46: 44 | B46: 890701 | C46: CONSULTA DE URGENCIAS; POR MEDICINA GENERAL | E46: 86152 | F46: =+VLOOKUP(B46,'86-5-20006-24 '!$B$2:$D$182,3,) -> 81422 | G46: =+VLOOKUP(B46,'Hoja1 (2)'!$C$2:$I$3024,7,) -> 68700
A47: 45 | B47: 890703 | C47: CONSULTA DE URGENCIAS; POR ODONTOLOGIA GENERAL | E47: 38843 | F47: =+VLOOKUP(B47,'86-5-20006-24 '!$B$2:$D$182,3,) -> 36758 | G47: NO REGISTRA
A48: 46 | B48: 892901 | C48: TOMA NO QUIRURGICA DE MUESTRA O TEJIDO VAGINAL PARA ESTUDIO CITOLOGICO CCV | E48: 73703 | F48: =+VLOOKUP(B48,'86-5-20006-24 '!$B$2:$D$182,3,) -> 39535 | G48: NO REGISTRA
A49: 47 | B49: 895004 | C49: MONITOREO AMBULATORIO DE PRESION ARTERIAL SISTEMICA | E49: 1500 | F49: =+VLOOKUP(B49,'86-5-20006-24 '!$B$2:$D$182,3,) -> 1500 | G49: NO REGISTRA
A50: 48 | B50: 895101 | C50: ELECTROCARDIOGRAMA DE RITMO O DE SUPERFICIE SOD | E50: 71711 | F50: NO REGISTRA | G50: NO REGISTRA
A51: 49 | B51: 897011 | C51: MONITORIA FETAL ANTEPARTO | E51: 39341 | F51: NO REGISTRA | G51: =+VLOOKUP(B51,'Hoja1 (2)'!$C$2:$I$3024,7,) -> 31300
A52: 50 | B52: 901001 | C52: ANTIBIOGRAMA DISCO | E52: 45317 | F52: =+VLOOKUP(B52,'86-5-20006-24 '!$B$2:$D$182,3,) -> 42923 | G52: NO REGISTRA
A53: 51 | B53: 901002 | C53: ANTIBIOGRAMA MIC METODO AUTOMATICO | E53: 45317 | F53: =+VLOOKUP(B53,'86-5-20006-24 '!$B$2:$D$182,3,) -> 42923 | G53: =+VLOOKUP(B53,'Hoja1 (2)'!$C$2:$I$3024,7,) -> 36200
A54: 52 | B54: 901003 | C54: ANTIBIOGRAMA MIC METODO MANUAL | E54: 16990 | F54: =+VLOOKUP(B54,'86-5-20006-24 '!$B$2:$D$182,3,) -> 16990 | G54: =+VLOOKUP(B54,'Hoja1 (2)'!$C$2:$I$3024,7,) -> 36200
A55: 53 | B55: 901101 | C55: COLORACION ACIDO ALCOHOL RESISTENTE [ZIELH-NIELSEN] Y LECTURA O BACILOSCOPIA | E55: 22908 | F55: =+VLOOKUP(B55,'86-5-20006-24 '!$B$2:$D$182,3,) -> 21885 | G55: =+VLOOKUP(B55,'Hoja1 (2)'!$C$2:$I$3024,7,) -> 18500
A56: 54 | B56: 901107 | C56: COLORACION GRAM Y LECTURA PARA CUALQUIER MUESTRA | E56: 18924 | F56: =+VLOOKUP(B56,'86-5-20006-24 '!$B$2:$D$182,3,) -> 17744 | G56: =+VLOOKUP(B56,'Hoja1 (2)'!$C$2:$I$3024,7,) -> 15000
A57: 55 | B57: 901230 | C57: MYCOBACTERIUM TUBERCULOSIS; CULTIVO | E57: 105076 | F57: =+VLOOKUP(B57,'86-5-20006-24 '!$B$2:$D$182,3,) -> 99307 | G57: =+VLOOKUP(B57,'Hoja1 (2)'!$C$2:$I$3024,7,) -> 83800
A58: 56 | B58: 901235 | C58: UROCULTIVO [ANTIBIOGRAMA DE DISCO] | E58: 45317 | F58: =+VLOOKUP(B58,'86-5-20006-24 '!$B$2:$D$182,3,) -> 42923 | G58: =+VLOOKUP(B58,'Hoja1 (2)'!$C$2:$I$3024,7,) -> 32100
A59: 57 | B59: 901236 | C59: UROCULTIVO (ANTIBIOGRAMA CONCENTRACION MINIMA | E59: 95614 | F59: =+VLOOKUP(B59,'86-5-20006-24 '!$B$2:$D$182,3,) -> 42923 | G59: =+VLOOKUP(B59,'Hoja1 (2)'!$C$2:$I$3024,7,) -> 76300
A60: 58 | B60: 901304 | C60: EXAMEN DIRECTO FRESCO DE CUALQUIER MUESTRA | E60: 36851 | F60: =+VLOOKUP(B60,'86-5-20006-24 '!$B$2:$D$182,3,) -> 34687 | G60: =+VLOOKUP(B60,'Hoja1 (2)'!$C$2:$I$3024,7,) -> 29300
A61: 59 | B61: 901305 | C61: EXAMEN DIRECTO PARA HONGOS [KOH] | E61: 20916 | F61: =+VLOOKUP(B61,'86-5-20006-24 '!$B$2:$D$182,3,) -> 19814 | G61: =+VLOOKUP(B61,'Hoja1 (2)'!$C$2:$I$3024,7,) -> 16700
A62: 60 | B62: 901326 | C62: Leishmania EXAMEN DIRECTO | E62: 24402 | F62: NO REGISTRA | G62: =+VLOOKUP(B62,'Hoja1 (2)'!$C$2:$I$3024,7,) -> 44900
A63: 61 | B63: 902204 | C63: ERITROSEDIMENTACION [VELOCIDAD SEDIMENTACION GLOBULAR - VSG] | E63: 8466 | F63: =+VLOOKUP(B63,'86-5-20006-24 '!$B$2:$D$182,3,) -> 7860 | G63: NO REGISTRA
A64: 62 | B64: 902206 | C64: EXTENDIDO DE SANGRE PERIFERICA; ESTUDIO DE MORFOLOGIA | E64: 12948 | F64: =+VLOOKUP(B64,'86-5-20006-24 '!$B$2:$D$182,3,) -> 12378 | G64: =+VLOOKUP(B64,'Hoja1 (2)'!$C$2:$I$3024,7,) -> 10500
A65: 63 | B65: 902208 | C65: HEMOGRAMA II [HEMOGLOBINA; HEMATOCRITO; RECUENTO DE ERITROCITOS; INDICES ERITROCITARIOS; LEUCOGRAMA; RECUENTO DE PLAQUETAS E INDICES PLAQUETARIOS] METODO MANUAL Y SEMIAUTOMATICO | E65: 36353 | F65: =+VLOOKUP(B65,'86-5-20006-24 '!$B$2:$D$182,3,) -> 34263 | G65: NO REGISTRA
A66: 64 | B66: 902211 | C66: HEMATOCRITO | E66: 6474 | F66: =+VLOOKUP(B66,'86-5-20006-24 '!$B$2:$D$182,3,) -> 6213 | G66: =+VLOOKUP(B66,'Hoja1 (2)'!$C$2:$I$3024,7,) -> 5200
A67: 65 | B67: 902213 | C67: HEMOGLOBINA | E67: 13446 | F67: =+VLOOKUP(B67,'86-5-20006-24 '!$B$2:$D$182,3,) -> 12802 | G67: =+VLOOKUP(B67,'Hoja1 (2)'!$C$2:$I$3024,7,) -> 10800
A68: 66 | B68: 902214 | C68: HEMOPARASITOS; EXTENDIDO DE GOTA GRUESA | E68: 18924 | F68: =+VLOOKUP(B68,'86-5-20006-24 '!$B$2:$D$182,3,) -> 17744 | G68: =+VLOOKUP(B68,'Hoja1 (2)'!$C$2:$I$3024,7,) -> 15000
A69: 67 | B69: 902221 | C69: RECUENTO DE PLAQUETAS; METODO MANUAL | E69: 14940 | F69: =+VLOOKUP(B69,'86-5-20006-24 '!$B$2:$D$182,3,) -> 14025 | G69: =+VLOOKUP(B69,'Hoja1 (2)'!$C$2:$I$3024,7,) -> 11800
A70: 68 | B70: 903026 | C70: MICROALBUMINURIA POR EIA | E70: 66233 | F70: =+VLOOKUP(B70,'86-5-20006-24 '!$B$2:$D$182,3,) -> 62596 | G70: =+VLOOKUP(B70,'Hoja1 (2)'!$C$2:$I$3024,7,) -> 52800
A71: 69 | B71: 903426 | C71: HEMOGLOBINA GLICOSILADA AUTOMATIZADA | E71: 80176 | F71: =+VLOOKUP(B71,'86-5-20006-24 '!$B$2:$D$182,3,) -> 75775 | G71: =+VLOOKUP(B71,'Hoja1 (2)'!$C$2:$I$3024,7,) -> 64000
A72: 70 | B72: 903603 | C72: CALCIO | E72: 30875 | F72: NO REGISTRA | G72: =+VLOOKUP(B72,'Hoja1 (2)'!$C$2:$I$3024,7,) -> 24700
A73: 71 | B73: 903605 | C73: IONOGRAMA (CLORO SODIO POTASIO Y BICARBONATO O CALCIO | E73: 132963 | F73: NO REGISTRA | G73: NO REGISTRA
A74: 72 | B74: 903703 | C74: VITAMINA B-12 | E74: 192224 | F74: NO REGISTRA | G74: NO REGISTRA
A75: 73 | B75: 903801 | C75: ACIDO URICO EN SUERO U OTROS FLUIDOS | E75: 24402 | F75: =+VLOOKUP(B75,'86-5-20006-24 '!$B$2:$D$182,3,) -> 23109 | G75: =+VLOOKUP(B75,'Hoja1 (2)'!$C$2:$I$3024,7,) -> 19500
A76: 74 | B76: 903809 | C76: BILIRRUBINAS TOTAL Y DIRECTA | E76: 34859 | F76: =+VLOOKUP(B76,'86-5-20006-24 '!$B$2:$D$182,3,) -> 14449 | G76: =+VLOOKUP(B76,'Hoja1 (2)'!$C$2:$I$3024,7,) -> 15700
A77: 75 | B77: 903815 | C77: COLESTEROL DE ALTA DENSIDAD [HDL] | E77: 36851 | F77: =+VLOOKUP(B77,'86-5-20006-24 '!$B$2:$D$182,3,) -> 34687 | G77: =+VLOOKUP(B77,'Hoja1 (2)'!$C$2:$I$3024,7,) -> 29300
A78: 76 | B78: 903816 | C78: COLESTEROL DE BAJA DENSIDAD [LDL] ENZIMATICO | E78: 43325 | F78: =+VLOOKUP(B78,'86-5-20006-24 '!$B$2:$D$182,3,) -> 40852 | G78: NO REGISTRA
A79: 77 | B79: 903818 | C79: COLESTEROL TOTAL | E79: 44321 | F79: =+VLOOKUP(B79,'86-5-20006-24 '!$B$2:$D$182,3,) -> 42123 | G79: =+VLOOKUP(B79,'Hoja1 (2)'!$C$2:$I$3024,7,) -> 35500
A80: 78 | B80: 903841 | C80: GLUCOSA EN SUERO; LCR U OTRO FLUIDO DIFERENTE A ORINA | E80: 21912 | F80: =+VLOOKUP(B80,'86-5-20006-24 '!$B$2:$D$182,3,) -> 20662 | G80: =+VLOOKUP(B80,'Hoja1 (2)'!$C$2:$I$3024,7,) -> 17400
A81: 79 | B81: 903842 | C81: GLUCOSA PRE Y POST CARGA DE GLUCOSA | E81: 55277 | F81: =+VLOOKUP(B81,'86-5-20006-24 '!$B$2:$D$182,3,) -> 52242 | G81: =+VLOOKUP(B81,'Hoja1 (2)'!$C$2:$I$3024,7,) -> 44100
A82: 80 | B82: 903843 | C82: GLUCOSA PRE Y POST PRANDIAL | E82: 55277 | F82: =+VLOOKUP(B82,'86-5-20006-24 '!$B$2:$D$182,3,) -> 52242 | G82: =+VLOOKUP(B82,'Hoja1 (2)'!$C$2:$I$3024,7,) -> 44100
A83: 81 | B83: 903844 | C83: GLUCOSA; CURVA DE TOLERANCIA | E83: 100594 | F83: =+VLOOKUP(B83,'86-5-20006-24 '!$B$2:$D$182,3,) -> 95071 | G83: =+VLOOKUP(B83,'Hoja1 (2)'!$C$2:$I$3024,7,) -> 80200
A84: 82 | B84: 903845 | C84: GLUCOSA; TEST O SULLIVAN | E84: 55277 | F84: =+VLOOKUP(B84,'86-5-20006-24 '!$B$2:$D$182,3,) -> 52242 | G84: =+VLOOKUP(B84,'Hoja1 (2)'!$C$2:$I$3024,7,) -> 44100
A85: 83 | B85: 903856 | C85: NITROGENO UREICO [BUN] | E85: 17430 | F85: =+VLOOKUP(B85,'86-5-20006-24 '!$B$2:$D$182,3,) -> 16520 | G85: =+VLOOKUP(B85,'Hoja1 (2)'!$C$2:$I$3024,7,) -> 13900
A86: 84 | B86: 903866 | C86: TRANSAMINASA GLUTAMICOPIRÚVICA O ALANINO AMINO TRANSFE-RASA [TGP-ALT] | E86: 37847 | F86: NO REGISTRA | G86: =+VLOOKUP(B86,'Hoja1 (2)'!$C$2:$I$3024,7,) -> 30300
A87: 85 | B87: 903867 | C87: TRANSAMINASA GLUTAMICO OXALACETICA O ASPARTATO AMINO TRANSFERASA [TGO-AST] | E87: 37847 | F87: NO REGISTRA | G87: =+VLOOKUP(B87,'Hoja1 (2)'!$C$2:$I$3024,7,) -> 30300
A88: 86 | B88: 903868 | C88: TRIGLICERIDOS | E88: 24402 | F88: =+VLOOKUP(B88,'86-5-20006-24 '!$B$2:$D$182,3,) -> 23109 | G88: =+VLOOKUP(B88,'Hoja1 (2)'!$C$2:$I$3024,7,) -> 19500
A89: 87 | B89: 903869 | C89: UREA EN SANGRE U OTROS FLUIDOS | E89: 19422 | F89: =+VLOOKUP(B89,'86-5-20006-24 '!$B$2:$D$182,3,) -> 18167 | G89: =+VLOOKUP(B89,'Hoja1 (2)'!$C$2:$I$3024,7,) -> 15400
A90: 88 | B90: 903883 | C90: GLUCOSA SEMIAUTOMATIZADA [GLUCOMETRIA] | E90: 21912 | F90: =+VLOOKUP(B90,'86-5-20006-24 '!$B$2:$D$182,3,) -> 20662 | G90: NO REGISTRA
A91: 89 | B91: 903895 | C91: Creatinina en Suero u Otros Fluidos | E91: 20916 | F91: =+VLOOKUP(B91,'86-5-20006-24 '!$B$2:$D$182,3,) -> 19814 | G91: =+VLOOKUP(B91,'Hoja1 (2)'!$C$2:$I$3024,7,) -> 16700
A92: 90 | B92: 904508 | C92: GONADOTROPINA CORIÓNICA; SUBUNIDAD BETA CUALITATIVA; [BHCG] PRUEBA DE EMBARAZO EN ORINA O SUERO | E92: 28883 | F92: =+VLOOKUP(B92,'86-5-20006-24 '!$B$2:$D$182,3,) -> 27251 | G92: =+VLOOKUP(B92,'Hoja1 (2)'!$C$2:$I$3024,7,) -> 56400
A93: 91 | B93: 904902 | C93: HORMONA ESTIMULANTE DEL TIROIDES [TSH] | E93: 115036 | F93: =+VLOOKUP(B93,'86-5-20006-24 '!$B$2:$D$182,3,) -> 108720 | G93: =+VLOOKUP(B93,'Hoja1 (2)'!$C$2:$I$3024,7,) -> 91800
A94: 92 | B94: 904921 | C94: TIROXINA LIBRE [T4L] | E94: 115036 | F94: NO REGISTRA | G94: NO REGISTRA
A95: 93 | B95: 906039 | C95: Treponema pallidum ANTICUERPOS (PRUEBA TREPONEMICA) MANUAL O SEMIAUTOMATIZADA O AUTOMATIZADA | E95: 144417 | F95: =+VLOOKUP(B95,'86-5-20006-24 '!$B$2:$D$182,3,) -> 136489 | G95: NO REGISTRA
A96: 94 | B96: 906121 | C96: Leishmania ANTICUERPOS MANUAL O SEMIAUTOMATIZADO | E96: 24402 | F96: NO REGISTRA | G96: NO REGISTRA
A97: 95 | B97: 906127 | C97: TOXOPLASMA GONDII; ANTICUERPOS IG G POR EIA | E97: 133461 | F97: =+VLOOKUP(B97,'86-5-20006-24 '!$B$2:$D$182,3,) -> 126134 | G97: =+VLOOKUP(B97,'Hoja1 (2)'!$C$2:$I$3024,7,) -> 106400
A98: 96 | B98: 906129 | C98: TOXOPLASMA GONDII; ANTICUERPOS IG M POR EIA | E98: 133461 | F98: =+VLOOKUP(B98,'86-5-20006-24 '!$B$2:$D$182,3,) -> 126134 | G98: =+VLOOKUP(B98,'Hoja1 (2)'!$C$2:$I$3024,7,) -> 106400
A99: 97 | B99: 906223 | C99: HEPATITIS B; ANTICUERPOS S [ANTI-HBS] | E99: 157863 | F99: NO REGISTRA | G99: =+VLOOKUP(B99,'Hoja1 (2)'!$C$2:$I$3024,7,) -> 125900
A100: 98 | B100: 906225 | C100: HEPATITIS C; ANTICUERPO [ANTI-HVC] & | E100: 177284 | F100: NO REGISTRA | G100: =+VLOOKUP(B100,'Hoja1 (2)'!$C$2:$I$3024,7,) -> 141400
...

Sheet 86-5-20006-24 
A1: ITEM | B1: CUPS | C1: NOMBRE DEL SERVICIO | D1: VALOR AJUSTADO - TARIFA SOAT 2024
A2: 1 | B2: 10B004 | C2: INTERNACIÓN EN SERVICIO COMPLEJIDAD BAJA; HABITACIÓN DE CUATRO CAMAS | D2: 188260
A3: 2 | B3: 230101 | C3: EXODONCIA DE DIENTE PERMANENTE UNIRRADICULAR | D3: 31392
A4: 3 | B4: 230102 | C4: EXODONCIA DE DIENTE PERMANENTE MULTIRRADICULAR | D4: 38405
A5: 4 | B5: 230201 | C5: EXODONCIA DE DIENTE TEMPORAL UNIRRADICULAR | D5: 17744
A6: 5 | B6: 232101 | C6: OBTURACIÓN DENTAL CON AMALGAMA | D6: 17744
A7: 6 | B7: 232102 | C7: OBTURACIÓN DENTAL CON RESINA DE FOTOCURADO | D7: 29745
A8: 7 | B8: 232401 | C8: RECONSTRUCCIÓN DE ANGULO INCISAL; CON RESINA DE FOTOCURADO | D8: 151549
A9: 8 | B9: 232402 | C9: RECONSTRUCCIÓN TERCIO INCISAL; CON RESINA DE FOTOCURADO | D9: 304040
A10: 9 | B10: 237301 | C10: TERAPIA DE CONDUCTO RADICULAR EN DIENTE UNIRRADICULAR | D10: 115780
A11: 10 | B11: 237302 | C11: TERAPIA DE CONDUCTO RADICULAR EN DIENTE | D11: 145431
C12: BIRRADICULAR
A13: 11 | B13: 237303 | C13: TERAPIA DE CONDUCTO RADICULAR EN DIENTE MULTIRRADICULAR | D13: 175082
A14: 12 | B14: 237304 | C14: TERAPIA DE CONDUCTO RADICULAR EN DIENTE TEMPORAL UNIRRA-DICULAR | D14: 58361
A15: 13 | B15: 579501 | C15: REEMPLAZO DE CATÉTER URINARIO VESICAL SOD | D15: 42923
A16: 14 | B16: 5DS002 | C16: DERECHOS DE SALA DE CURACIONES O PROCEDIMIENTOS | D16: 29322
A17: 15 | B17: 5DS003 | C17: DERECHOS DE SALA DE PEQUEÑA CIRUGÍA (SUTURAS) | D17: 67774
A18: 16 | B18: 5DSB01 | C18: SALA DE OBSERVACIÓN URGENCIAS DE COMPLEJIDAD BAJA SOD | D18: 93189
A19: 17 | B19: 601T01 | C19: TRASLADO ASISTENCIAL BÁSICO TERRESTRE PRIMARIO - ARMENIA NOCTURNO | D19: 163072
A20: 18 | B20: 601T01- | C20: TRASLADO ASISTENCIAL BÁSICO TERRESTRE PRIMARIO - ARMENIA DIURNO | D20: 146328
B21: 1
A22: 19 | B22: 601T02 | C22: TRASLADO ASISTENCIAL BÁSICO TERRESTRE SECUNDARIO - ARMENIA NOCTURNO | D22: 145600
A23: 20 | B23: 601T02- | C23: TRASLADO ASISTENCIAL BÁSICO TERRESTRE SECUNDARIO - ARMENIA DIURNO | D23: 130650
B24: 1
A25: 21 | B25: 697101 | C25: INSERCIÓN DE DISPOSITIVO INTRAUTERINO | D25: 79069
C26: ANTICONCEPTIVO DIU SOD +
A27: 22 | B27: 735301 | C27: ASISTENCIA DEL PARTO ESPONTANEO NORMAL EXPULSIVO | D27: 759323
A28: 23 | B28: 861203 | C28: EXTRACCIÓN DE ANTICONCEPTIVOS SUBDÉRMICOS POR INCISIÓN | D28: 71000
A29: 24 | B29: 861801 | C29: INSERCIÓN DE ANTICONCEPTIVOS SUBDÉRMICOS | D29: 278813
A30: 25 | B30: 862701 | C30: ONICECTOMIA | D30: 89894
A31: 26 | B31: 865101 | C31: SUTURA DE HERIDA UNICA; EN AREA GENERAL | D31: 23109
A32: 27 | B32: 865102 | C32: SUTURA DE HERIDA MULTIPLE; EN AREA GENERAL | D32: 23109
A33: 28 | B33: 870001 | C33: RADIOGRAFIA DE CRANEO SIMPLE | D33: 102131
A34: 29 | B34: 870107 | C34: RADIOGRAFIA DE HUESOS NASALES | D34: 90365
A35: 30 | B35: 870108 | C35: RADIOGRAFIA DE SENOS PARANASALES | D35: 90365
A36: 31 | B36: 870113 | C36: RADIOGRAFIA DE MAXILAR INFERIOR | D36: 90365
A37: 32 | B37: 870440 | C37: RADIOGRAFIAS INTRAORALES OCLUSALES | D37: 28239
A38: 33 | B38: 871010 | C38: RADIOGRAFÍA DE COLUMNA CERVICAL | D38: 114368
... A44: 39 | B44: 871121 | C44: RADIOGRAFIA DE TORAX PA O AP Y LATERAL; DECUBITO | D44: 104484
C45: LATERAL; OBLICUAS O LATERAL CON BARIO
A46: 40 | B46: 872002 | C46: RADIOGRAFIA DE ABDOMEN SIMPLE | D46: 115780
A47: 41 | B47: 872011 | C47: RADIOGRAFIA DE ABDOMEN SIMPLE CON PROYECCIONES | D47: 115780
C48: ADICIONALES SERIE DE ABDOMEN AGUDO
A49: 42 | B49: 873111 | C49: RADIOGRAFIA DE OMOPLATO | D49: 90365
A50: 43 | B50: 873112 | C50: RADIOGRAFIA DE CLAVICULA | D50: 69656
A51: 44 | B51: 873121 | C51: RADIOGRAFIA DE HUMERO | D51: 90365
A52: 45 | B52: 873122 | C52: RADIOGRAFIA DE ANTEBRAZO | D52: 69656
A53: 46 | B53: 873204 | C53: RADIOGRAFIA DE HOMBRO | D53: 90365
A54: 47 | B54: 873205 | C54: RADIOGRAFIA DE CODO | D54: 69656
A55: 48 | B55: 873206 | C55: RADIOGRAFIA DE MUÑECA | D55: 69656
A56: 49 | B56: 873210 | C56: RADIOGRAFIA DE MANO | D56: 69656
A57: 50 | B57: 873312 | C57: RADIOGRAFIA DE FEMUR AP Y LATERAL | D57: 90365
A58: 51 | B58: 873313 | C58: RADIOGRAFIA DE PIERNA AP Y LATERAL | D58: 90365
A59: 52 | B59: 873333 | C59: RADIOGRAFIA DE PIE AP Y LATERAL | D59: 69656
A60: 53 | B60: 873335 | C60: RADIOGRAFIA DE CALCANEO AXIAL Y LATERAL | D60: 69656
... A71: 64 | B71: 890301 | C71: CONSULTA DE CONTROL O DE | D71: 49418
C72: SEGUIMIENTO POR MEDICINA GENERAL
A73: 65 | B73: 890302 | C73: CONSULTA DE CONTROL O DE | D73: 49418
C74: SEGUIMIENTO POR MEDICINA ESPECIALIZADA
A75: 66 | B75: 890303 | C75: CONSULTA DE CONTROL O DE | D75: 29321
C76: SEGUIMIENTO POR ODONTOLOGIA GENERAL
A77: 67 | B77: 890305 | C77: CONSULTA DE CONTROL O DE SEGUIMIENTO POR ENFERMERIA | D77: 31769
A78: 68 | B78: 890602 | C78: CUIDADO MANEJ O | D78: 62126
C79: INTRAHOSPITALARIO POR MEDICINA ESPECIALIZADA
A80: 69 | B80: 890701 | C80: CONSULTA DE URGENCIAS; POR MEDICINA GENERAL | D80: 81422
A81: 70 | B81: 890703 | C81: CONSULTA DE URGENCIAS; POR ODONTOLOGIA GENERAL | D81: 36758
A82: 71 | B82: 892901 | C82: TOMA NO QUIRURGICA DE | D82: 39535
C83: MUESTRA O TEJIDO VAGINAL PARA ESTUDIO CITOLOGICO CCV
A84: 72 | B84: 895004 | C84: MONITOREO AMBULATORIO DE PRESION ARTERIAL SISTEMICA | D84: 1500
A85: 73 | B85: 895100 | C85: ELECTROCARDIOGRAMA DE RITMO O DE SUPERFICIE SOD | D85: 67774
A86: 74 | B86: 901001 | C86: ANTIBIOGRAMA DISCO | D86: 42923
A87: 75 | B87: 901002 | C87: ANTIBIOGRAMA MIC METODO AUTOMATICO | D87: 42923
A88: 76 | B88: 901003 | C88: ANTIBIOGRAMA MIC METODO MANUAL | D88: 16990
A89: 77 | B89: 901101 | C89: COLORACION ACIDO ALCOHOL | D89: 21885
C90: RESISTENTE [ZIELH-NIELSEN] Y LECTURA O BACILOSCOPIA
A91: 78 | B91: 901107 | C91: COLORACION GRAM Y LECTURA PARA CUALQUIER MUESTRA | D91: 17744
A92: 79 | B92: 901230 | C92: MYCOBACTERIUM TUBERCULOSIS; CULTIVO | D92: 99307
A93: 80 | B93: 901235 | C93: UROCULTIVO [ANTIBIOGRAMA DE DISCO] | D93: 42923
A94: 81 | B94: 901236 | C94: UROCULTIVO (ANTIBIOGRAMA CONCENTRACION MINIMA | D94: 42923
A95: 82 | B95: 901304 | C95: EXAMEN DIRECTO FRESCO DE CUALQUIER MUESTRA | D95: 34687
A96: 83 | B96: 901305 | C96: EXAMEN DIRECTO PARA HONGOS [KOH] | D96: 19814
A97: 84 | B97: 902204 | C97: ERITROSEDIMENTACION | D97: 7860
C98: [VELOCIDAD SEDIMENTACION GLOBULAR - VSG]
A99: 85 | B99: 902206 | C99: EXTENDIDO DE SANGRE | D99: 12378
C100: PERIFERICA; ESTUDIO DE MORFOLOGIA
A101: 86 | B101: 902208 | C101: HEMOGRAMA II [HEMOGLOBINA; HEMATOCRITO; RECUENTO DE ERITROCITOS; INDICES ERITROCITARIOS; LEUCOGRAMA; RECUENTO DE PLAQUETAS E INDICES PLAQUETARIOS] | D101: 34263
C102: METODO MANUAL Y SEMIAUTOMATICO
A103: 87 | B103: 902211 | C103: HEMATOCRITO | D103: 6213
A104: 88 | B104: 902213 | C104: HEMOGLOBINA | D104: 12802
A105: 89 | B105: 902214 | C105: HEMOPARASITOS; EXTENDIDO DE GOTA GRUESA | D105: 17744
A106: 90 | B106: 902221 | C106: RECUENTO DE PLAQUETAS; METODO MANUAL | D106: 14025
A107: 91 | B107: 903026 | C107: MICROALBUMINURIA POR EIA | D107: 62596
A108: 92 | B108: 903426 | C108: HEMOGLOBINA GLICOSILADA AUTOMATIZADA | D108: 75775
A109: 93 | B109: 903801 | C109: ACIDO URICO EN SUERO U OTROS FLUIDOS | D109: 23109
A110: 94 | B110: 903809 | C110: BILIRRUBINAS TOTAL Y DIRECTA | D110: 14449
A111: 95 | B111: 903815 | C111: COLESTEROL DE ALTA DENSIDAD [HDL] | D111: 34687
A112: 96 | B112: 903816 | C112: COLESTEROL DE BAJA DENSIDAD [LDL] ENZIMATICO | D112: 40852
A113: 97 | B113: 903818 | C113: COLESTEROL TOTAL | D113: 42123
A114: 98 | B114: 903841 | C114: GLUCOSA EN SUERO; LCR U OTRO FLUIDO DIFERENTE A ORINA | D114: 20662
... A124: 108 | B124: 904508 | C124: GONADOTROPINA CORIÓNICA; SUBUNIDAD BETA CUALITATIVA; | D124: 27251
...
